 Dungeon Crawl Stone Soup version 0.32-a0-768-g0f6f1dd4b9 (webtiles) character file.

Game seed: 5394769487561353988

1115250 BubbleThief the Englaciator (level 27, -6/249 HPs)
             Began as a Barachi Ice Elementalist on Mar 16, 2024.
             Was the Champion of Zin.
             Mangled by Ereshkigal (19 damage)
             ... on level 7 of Tartarus on Mar 18, 2024.
             The game lasted 04:41:07 (98140 turns).

BubbleThief the Englaciator (BaIE)                 Turns: 98140, Time: 04:41:07

Health: -6/249     AC: 41    Str:  5    XL:     27
Magic:  54/54      EV: 22    Int: 28    God:    Zin [******]
Gold:   9670       SH: 29    Dex: 29    Spells: 47/80 levels left

rFire   + + .        R - +9 eudemon blade (holy)
rCold   + + .        G - +0 tower shield {rF+}
rNeg    + + +        H - +9 ice dragon scales
rPois   +            P - +2 helmet of Tionosiv {rElec rF+ rN+ SInv}
rElec   +            U - +0 cloak {Will+}
rCorr   +            O - +0 pair of gloves of the Accordion {Rampage Dex+6}
SInv    +            w - +2 pair of boots "Jaukaps" {rPois rCorr Int+3 SInv}
Will    ++...        T - amulet of Vitality {Regen++ RegenMP++}
Stlth   +            y - ring "Voad Ros" {rN++ Will++ EV+5 Str-5}
HPRegen 2.21/turn    o - ring "Ysohiak" {Wiz rF+ Dex+6}
MPRegen 1.14/turn

%: rampage, wizardry (x1)
@: unable to hop, on recite cooldown, slowed, studying 4 skills, silenced,
weak-willed, very slow
A: amphibious, slowness 1, strong legs 2, +LOS, mutation resistance 1
}: 10/15 runes: serpentine, barnacled, slimy, silver, abyssal, demonic, glowing,
magical, fiery, dark
a: Hop, Renounce Religion


You were on level 7 of Tartarus.
You worshipped Zin.
Zin was exalted by your worship.
You visited 14 branches of the dungeon, and saw 64 of its levels.
You visited Pandemonium 1 time, and saw 18 of its levels.
You visited the Abyss 1 time.
You completed 1 ziggurat, and saw 27 of its levels.
You also visited: Sewer, Gauntlet and Volcano.

You collected 13527 gold pieces.
You spent 3687 gold pieces at shops.
You donated 170 gold pieces to Zin.

Inventory:

Hand Weapons
 R - a +9 eudemon blade of holy wrath (weapon)
Armour
 e - the +1 acid dragon scales "Senem" {rF+ rCorr Dex+4}
   (You took it off a minotaur in a Gauntlet)

   Dex+4:     It affects your dexterity (+4).
   rF+:       It protects you from fire.
   rCorr:     It protects you from acid and corrosion.
 w - the +2 pair of boots "Jaukaps" (worn) {rPois rCorr Int+3 SInv}
   (You found it in a Gauntlet)

   Int+3:     It affects your intelligence (+3).
   rPois:     It protects you from poison.
   SInv:      It lets you see invisible.
   rCorr:     It protects you from acid and corrosion.
 G - a +0 tower shield of fire resistance (worn)
 H - +9 ice dragon scales (worn)
 O - the +0 pair of gloves of the Accordion (worn) {Rampage Dex+6}
   (You found it on level 14 of the Dungeon)

   Dex+6:     It affects your dexterity (+6).
   Rampage:   It bestows one free step when moving towards enemies.
 P - the +2 helmet of Tionosiv (worn) {rElec rF+ rN+ SInv}
   (You acquired it on level 3 of the Vaults)

   rF+:       It protects you from fire.
   rElec:     It insulates you from electricity.
   rN+:       It protects you from negative energy.
   SInv:      It lets you see invisible.
 U - a +0 cloak of willpower (worn)
 W - the +2 pair of boots "Suhiaz" {rPois Int+7 Dex-2}
   (You found it in Pandemonium)

   Int+7:     It affects your intelligence (+7).
   Dex-2:     It affects your dexterity (-2).
   rPois:     It protects you from poison.
Jewellery
 a - the ring of Fianimui {rF+ rCorr MP+9 Int+4}
   (You found it on level 25 of a ziggurat)

   [ring of resist corrosion]

   Int+4:     It affects your intelligence (+4).
   rF+:       It protects you from fire.
   MP+9:      It affects your magic capacity (+9).
   rCorr:     It protects you from acid and corrosion.
 f - the amulet of Lorchuru {rN+ Regen+ Dex+3 SInv}
   (You found it on level 22 of a ziggurat)

   [amulet of regeneration]

   Dex+3:     It affects your dexterity (+3).
   rN+:       It protects you from negative energy.
   SInv:      It lets you see invisible.
   Regen+:    It increases your rate of health regeneration.
 g - the amulet of Boxatsutta {Reflect rElec Str+8 SH+5}
   (You found it in Pandemonium)

   [amulet of reflection]

   Reflect:   It reflects blocked missile attacks.
   Str+8:     It affects your strength (+8).
   rElec:     It insulates you from electricity.
   SH+5:      It affects your SH (+5).
 n - the ring "Qiatwomu" {rElec rPois rC- Will+ Dex+6}
   (You found it on level 3 of the Elven Halls)

   [ring of dexterity]

   Dex+6:     It affects your dexterity (+6).
   rC-:       It makes you vulnerable to cold.
   rElec:     It insulates you from electricity.
   rPois:     It protects you from poison.
   Will+:     It increases your willpower.
 o - the ring "Ysohiak" (right hand) {Wiz rF+ Dex+6}
   (You took it off a deep elf zephyrmancer on level 3 of the Elven Halls)

   [ring of wizardry]

   Wiz:       It improves your spell success rate.
   Dex+6:     It affects your dexterity (+6).
   rF+:       It protects you from fire.
 y - the ring "Voad Ros" (left hand) {rN++ Will++ EV+5 Str-5}
   (You found it on level 20 of a ziggurat)

   [ring of evasion]

   EV+5:      It affects your evasion (+5).
   Str-5:     It affects your strength (-5).
   rN++:      It greatly protects you from negative energy.
   Will++:    It greatly increases your willpower.
 L - the amulet of the Five Planets {rN+ RegenMP+ Dex+2}
   (You found it on level 22 of a ziggurat)

   [amulet of magic regeneration]

   It increases your rate of magic regeneration.
   Dex+2:     It affects your dexterity (+2).
   rN+:       It protects you from negative energy.
   RegenMP+:  It increases your rate of magic regeneration.
 Q - the ring of the City {rN+ Will+ Dex+2 Stlth-}
   (You found it on level 7 of Tartarus)

   [ring of willpower]

   Dex+2:     It affects your dexterity (+2).
   rN+:       It protects you from negative energy.
   Will+:     It increases your willpower.
   Stlth-:    It makes you less stealthy.
 T - the amulet of Vitality (around neck) {Regen++ RegenMP++}
   (You found it on level 16 of a ziggurat)

   [amulet of nothing]

   Regen++:   It increases your rate of health regeneration.
   RegenMP++: It increases your rate of magic regeneration.
 X - the amulet of the Dragon {^Fragile rN+++ RegenMP+ rCorr Dex-3}
   (You found it on level 3 of the Crypt)

   [amulet of magic regeneration]

   It increases your rate of magic regeneration.
   Dex-3:     It affects your dexterity (-3).
   rN+++:     It renders you almost immune to negative energy.
   rCorr:     It protects you from acid and corrosion.
   ^Fragile:  It will be destroyed if unequipped.
   RegenMP+:  It increases your rate of magic regeneration.
 Z - the amulet of the Four Winds {rN+ Will+++ Clar}
   (You bought it in a shop on level 15 of the Dungeon)

   [amulet of nothing]

   rN+:       It protects you from negative energy.
   Will+++:   It greatly increases your willpower.
   Clar:      It protects you from confusion, rage, mesmerisation and fear.
Wands
 C - a wand of roots (136)
 S - a wand of light (70)
 V - a wand of digging (55)
Scrolls
 d - 49 scrolls of identify
 h - 19 scrolls of blinking
 k - 7 scrolls of enchant armour
 s - 37 scrolls of teleportation
 v - 7 scrolls of summoning
 E - 17 scrolls of fear
 F - 14 scrolls of amnesia
 I - 21 scrolls of immolation
 J - 24 scrolls of fog
 Y - 3 scrolls of revelation
Potions
 b - 4 potions of magic
 c - 9 potions of lignification
 i - 13 potions of brilliance
 j - 16 potions of haste
 l - 5 potions of invisibility
 m - 10 potions of resistance
 p - 7 potions of berserk rage
 q - 31 potions of curing
 u - 12 potions of mutation
 x - 7 potions of enlightenment
 z - 16 potions of might
 A - 14 potions of heal wounds
 B - 10 potions of attraction
 D - 3 potions of cancellation
 N - a potion of ambrosia
Miscellaneous
 r - a +1 figurine of a ziggurat
 t - a phantom mirror (inert)
 K - a tin of tremorstones (2/2)
 M - a phial of floods (inert)


   Skills:
 O Level 27 Fighting
 O Level 27 Long Blades
 O Level 27 Armour
 O Level 27 Dodging
 - Level 1.7 Stealth
 O Level 27 Shields
 O Level 27 Spellcasting
 O Level 27 Ice Magic
 O Level 27 Invocations
 + Level 15.7 Evocations


You had 47 spell levels left.
You knew the following spells:

 Your Spells              Type           Power      Damage    Failure   Level
a - Metabolic Englaciati  Hex/Ice        42%        N/A       1%          5
b - Frozen Ramparts       Ice            100%       1d16      0%          3
c - Ozocubu's Armour      Ice            100%       N/A       0%          3
d - Permafrost Eruption   Ice/Erth       42%        2x4d12    1%          6
e - Polar Vortex          Ice            56%        12d7*     1%          9
f - Ozocubu's Refrigerat  Ice            56%        4d19      1%          7

Your spell library contained the following spells:

 Spells                   Type           Power      Damage    Failure   Level
 Freeze                   Ice            100%       1d10      0%          1
 Ensorcelled Hibernation  Hex/Ice        100%       N/A       0%          2
 Apportation              Tloc           74%        N/A       1%          1
 Foxfire                  Conj/Fire      100%       2x1d9     1%          1
 Magic Dart               Conj           100%       1d8       1%          1
 Sandblast                Erth           74%        2d16      1%          1
 Shock                    Conj/Air       100%       1d9       1%          1
 Slow                     Hex            100%       N/A       1%          1
 Sting                    Conj/Alch      100%       1d9       1%          1
 Blink                    Tloc           74%        N/A       1%          2
 Call Imp                 Summ           74%        N/A       1%          2
 Cigotuvi's Dreadful Rot  Necr/Alch/Air  74%        N/A       1%          2
 Jinxbite                 Hex            74%        N/A       1%          2
 Lesser Beckoning         Tloc           74%        N/A       1%          2
 Mercury Vapours          Alch/Air       74%        N/A       1%          2
 Momentum Strike          Conj/Tloc      74%        3d10      1%          2
 Scorch                   Fire           74%        2d8       1%          2
 Searing Ray              Conj           74%        2d7       1%          2
 Static Discharge         Conj/Air       74%        3-7/arc   1%          2
 Sublimation of Blood     Necr           37%        N/A       1%          2
 Hailstorm                Conj/Ice       85%        3d14      1%          3
 Summon Ice Beast         Ice/Summ       85%        N/A       1%          3
 Freezing Cloud           Conj/Ice/Air   36%        6-21      1%          5
 Sculpt Simulacrum        Ice/Alch       42%        N/A       1%          6
 Confusing Touch          Hex            37%        N/A       4%          3
 Fugue of the Fallen      Necr           37%        N/A       4%          3
 Gell's Gravitas          Tloc           37%        N/A       4%          3
 Inner Flame              Hex/Fire       37%        N/A       4%          3
 Passwall                 Erth           37%        N/A       4%          3
 Stone Arrow              Conj/Erth      74%        3d11      4%          3
 Swiftness                Air            37%        N/A       4%          3
 Teleport Other           Tloc           37%        N/A       4%          3
 Tukima's Dance           Hex            37%        N/A       4%          3
 Vampiric Draining        Necr           37%        2d8       4%          3
 Volatile Blastmotes      Fire/Tloc      74%        2d16      4%          3
 Airstrike                Air            18%        2d(3-19)  13%         4
 Anguish                  Hex/Necr       18%        N/A       13%         4
 Animate Armour           Summ/Erth      74%        N/A       13%         4
 Brom's Barrelling Bould  Conj/Erth      37%        2d6       13%         4
 Cause Fear               Hex            18%        N/A       13%         4
 Dimensional Bullseye     Hex/Tloc       18%        N/A       13%         4
 Flame Wave               Conj/Fire      37%        2d10      13%         4
 Fulminant Prism          Conj/Alch      18%        3d11      13%         4
 Ignite Poison            Fire/Alch      37%        N/A       13%         4
 Iskenderun's Mystic Bla  Conj/Tloc      37%        2d9       13%         4
 Leda's Liquefaction      Alch/Erth      18%        N/A       13%         4
 Martyr's Knell           Necr/Summ      37%        N/A       13%         4
 Olgreb's Toxic Radiance  Alch           37%        N/A       13%         4
 Passage of Golubria      Tloc           37%        N/A       13%         4
 Petrify                  Alch/Erth      37%        N/A       13%         4
 Sticky Flame             Fire/Alch      37%        2d8       13%         4
 Summon Lightning Spire   Summ/Air       37%        N/A       13%         4
 Vhi's Electric Charge    Tloc/Air       74%        N/A       13%         4
 Alistair's Intoxication  Alch           24%        N/A       32%         5
 Arcjolt                  Conj/Air       18%        1d28      32%         5
 Borgnjor's Vile Clutch   Necr/Erth      18%        N/A       32%         5
 Fireball                 Conj/Fire      18%        3d9       32%         5
 Irradiate                Conj/Alch      18%        3d17      32%         5
 Iskenderun's Battlesphe  Conj           37%        2d9       32%         5
 Lee's Rapid Deconstruct  Erth           18%        3d11*     32%         5
 Silence                  Hex/Air        18%        N/A       32%         5
 Summon Forest            Summ/Tloc      18%        N/A       32%         5
 Summon Mana Viper        Hex/Summ       37%        N/A       32%         5
 Yara's Violent Unravell  Hex/Alch       18%        3d9       32%         5
 Bombard                  Conj/Erth      18%        9d4       86%         6
 Conjure Ball Lightning   Conj/Air       18%        3x3d6     86%         6
 Dispersal                Tloc           18%        N/A       86%         6
 Eringya's Noxious Bog    Alch           18%        4d6       86%         6
 Plasma Beam              Fire/Air       18%        2x1d30    86%         6
 Starburst                Conj/Fire      18%        6d7       86%         6
 Summon Cactus Giant      Summ           18%        N/A       86%         6
 Malign Gateway           Summ/Tloc      18%        N/A       100%        7
 Monstrous Menagerie      Summ           18%        N/A       100%        7
 Spellforged Servitor     Conj/Summ      18%        N/A       100%        7
 Summon Hydra             Summ           18%        N/A       100%        7
 Discord                  Hex            18%        N/A       100%        8
 Disjunction              Tloc           18%        N/A       100%        8
 Ignition                 Fire           18%        3d7       100%        8
 Lehudib's Crystal Spear  Conj/Erth      18%        10d6      100%        8
 Death's Door             Necr           18%        N/A       100%        9
 Dragon's Call            Summ           18%        N/A       100%        9
 Fire Storm               Conj/Fire      18%        8d5       100%        9


Dungeon Overview and Level Annotations

Branches:
Dungeon (15/15)            Temple (1/1) D:6            Lair (5/5) D:9
 Shoals (4/4) Lair:2        Snake (4/4) Lair:2        Slime (5/5) Lair:5
    Orc (2/2) D:12            Elf (3/3) Orc:2        Vaults (5/5) D:14
  Crypt (3/3) Vaults:3       Tomb (0/3) Crypt:3      Depths (4/4) D:15
   Hell (visited)             Dis (0/7) Hell            Geh (0/7) Hell
    Coc (0/7) Hell            Tar (7/7) Hell            Zot (5/5) Depths:4
  Sewer (visited)         Volcano (visited)         Gauntlet (visited)

Altars:
Ashenzari
Cheibriados
Dithmenos
Elyvilon
Fedhas
Gozag
Hepliaklqana
Kikubaaqudgha
Makhleb
Nemelex Xobeh
Okawaru
Qazlal
Ru
Sif Muna
Trog
Uskayaw
Vehumet
Wu Jian
Xom
Yredelemnul
Zin
The Shining One
Beogh
Jiyva

Shops:
D:6 *   D:7 [   D:15 =   Orc:1 (   Orc:2 *[([   Elf:1 !   Snake:3 :
Snake:4 ((   Vaults:1 ?   Vaults:2 :   Vaults:4 ?   Depths:1 *[*(

Portals:
Hell: Depths:1 Depths:2* Depths:3 Depths:4
Abyss: Depths:3 Depths:4
Pandemonium: Depths:1 Depths:2

Annotations:
Lair:5 exclusion: obsidian statue
Tar:7 Ereshkigal


Innate Abilities, Weirdness & Mutations

You are amphibious.
You cover ground slowly.
You can hop long distances.
You have an extended range of vision and can be seen from far away.
You are somewhat resistant to further mutation.


Message History

* * * LOW HITPOINT WARNING * * *
The Tzitzimitl gestures at you.
The bolt of negative energy hits the doom hound.
The doom hound completely resists.
The bolt of negative energy hits you but does no damage.
You resist. You block the putrid mouth's attack. x2
You block Ereshkigal's attack.
You feel much better. You block the doom hound's attack.
The doom hound claws you but does no damage.
You block the shadow wraith's attack.
A Tzitzimitl comes into view.
You block Ereshkigal's attack. The doom hound barely misses you.
You block the doom hound's attack. The putrid mouth throws miasma at you.
The foul vapour engulfs you!
* * * LOW HITPOINT WARNING * * *
The Tzitzimitl gestures at you.
The bolt of negative energy hits the shadow wraith.
The shadow wraith completely resists.
The bolt of negative energy hits the doom hound.
The doom hound completely resists.
The bolt of negative energy misses you. Ereshkigal hits you!
* * * LOW HITPOINT WARNING * * *
Unknown command.
Okay, then.
You feel much better.
You are engulfed in dark miasma.
You feel as though you will be slow longer.
* * * LOW HITPOINT WARNING * * *
The doom hound misses you. You block the doom hound's attack.
The Tzitzimitl calls on the powers of darkness!
Your body is wracked with pain!
* * * LOW HITPOINT WARNING * * *
Ereshkigal gestures.
Ereshkigal's surroundings become eerily quiet.
The putrid mouth bites you but does no damage.
You block the putrid mouth's attack. You block the doom hound's attack. x2
The putrid mouth bites you but does no damage.
The putrid mouth claws you but does no damage.
Ereshkigal hits you!!
You die...

**,,,,,,.................##*,ß,,,
,,,,,,,,..........°.......#*,,,,,
,,,,,,,,...#.....1°..#....#**,,,,
,,,,,,,,...........°......# ***,,
,,,,,,,,.........○°.......#***+**
,,,,,,,,........1°°°......##,,***
,,,,............WWC°.......##,,,,
,,,,.......#..1Wh&.°.#......#####
,,,,,..........°@W1..............
******#.......°°°°..........(....
#######.........°................
.....##..........................
.....##....#.........#...........
###.###..........................
###.###......................)...
.....##...................((.....
.....##.................#########


You could see Ereshkigal (silencing, unsilenced), a tainted leviathan
(unsilenced), a doom hound (unsilenced), 4 Tzitzimimeh, 2 putrid mouths and 2
shadow wraiths.

Vanquished Creatures
  Cerebov (Pan)
  the Royal Jelly (Slime:5)
  Gloorx Vloq (Pan)
  Lom Lobon (Pan)
  Mnoleg (Pan)
  24 ancient liches
  18 dread liches
  Mara (Vaults:4)
  Mennas (Pan)
  6 orbs of fire
  Xtahua (Crypt:2)
  A juggernaut (Depths:3)
  14 royal mummies
  The ghost of Zistueme the Hoplite, a veteran MiBe of Trog (Zot:4)
  Vv (Zot:3)
  A shard shrike (Zig:21)
  4 Killer Klowns
  16 caustic shrikes
  Vashnia (Snake:4)
  The ghost of Joextigh the Crack Shot, a veteran KoHu of Okawaru (Vaults:1)
  Geryon (Hell)
  2 curse toes
  14 pandemonium lords
  15 golden dragons
  5 profane servitors
  19 bone dragons
  the Enchantress (Depths:1)
  5 Brimstone Fiends
  8 doom hounds
  An iron giant (Zig:21)
  12 Tzitzimimeh
  2 electric golems (Zot:5)
  6 hellephants
  22 tentacled monstrosities
  8 Hell Sentinels
  A spectral shard shrike (Tar:4)
  9 tainted leviathans
  15 liches
  4 quicksilver dragons
  25 Orb Guardians (Zot:5)
  A shard shrike skeleton (Tar:7)
  15 deep elf blademasters
  4 Ice Fiends (Pan)
  11 deep elf master archers
  8 titans
  A walking divine tome (Depths:2)
  5 sphinxes
  A searing wretch (Zig:21)
  4 krakens
  43 acid blobs
  18 Executioners (Pan)
  The ghost of Konionua the Bewitcher, an adept KoEn of Dithmenos (Vaults:3)
  2 tentacled starspawn (Zig:10)
  Agnes (Snake:4)
  17 ancient champions
  Gastronok (Lair:1)
  A thorn hunter (Abyss:5)
  Kirke (Lair:3)
  13 shadow dragons
  7 death cobs
  Polyphemus (Shoals:3)
  8 demonspawn warmongers (Pan)
  A daeva (Pan)
  10 nagarajas
  12 storm dragons
  Ilsuiw (Shoals:4)
  31 rockslimes
  9 fire giants
  16 protean progenitors
  17 azure jellies
  7 tengu reavers
  Roxanne (Shoals:2)
  A fire giant (shapeshifter) (Zig:22)
  3 fenstrider witches
  14 frost giants
  11 revenants
  4 emperor scorpions (Zig:25)
  10 draconian monks
  10 ghost moths
  8 draconian knights
  7 quicksilver elementals (Zig:12)
  4 orc warlords
  10 draconian shifters
  22 vault wardens
  24 balrugs
  5 deep elf sorcerers
  An iron dragon (shapeshifter) (Zig:22)
  2 caustic shrike zombies
  9 deep elf elementalists
  9 draconian scorchers
  12 cacodemons (Pan)
  A juggernaut zombie (Tar:7)
  7 ghouls
  4 iron dragons
  10 curse skulls
  10 draconian annihilators
  The ghost of Triskal the Protected, a journeyman CoAr of Okawaru (Elf:1)
  2 spectral juggernauts
  18 reapers
  10 demonspawn blood saints (Pan)
  26 ironbound preservers
  30 very ugly things
  A spectral caustic shrike (Tar:6)
  2 draconian stormcallers
  14 quicksilver oozes
  4 demonspawn corrupters (Pan)
  5 formless jellyfish
  7 caustic shrike skeletons
  A broodmother (Zig:25)
  2 juggernaut skeletons (Pan)
  17 stone giants
  A stone giant (shapeshifter) (Zig:22)
  8 ironbound thunderhulks
  17 putrid mouths
  11 deep elf death magi
  An ophan (Zig:10)
  An eleionoma (shapeshifter) (Zig:22)
  8 green draconians
  11 purple draconians
  15 vampire knights
  7 spriggan defenders
  13 black draconians
  8 lorocyprocas
  12 red draconians
  3 war gargoyles
  19 yellow draconians
  8 bennus
  9 spark wasps
  20 dire elephants
  16 deep elf annihilators
  20 deep elf demonologists
  6 demonspawn black suns (Pan)
  A minotaur (Gauntlet)
  2 bunyips (Zig:8)
  18 eidola
  12 white draconians
  Snorg (D:10)
  The ghost of Qazery the Severer, a journeyman MDFi of the Shining One (Lair:4)
  A quicksilver dragon zombie (Tar:7)
  17 blizzard demons
  4 merfolk javelineers
  6 mummy priests
  2 iron golems
  12 merfolk impalers
  13 fire dragons
  18 deep elf high priests
  7 green deaths
  17 ettins
  7 jiangshi
  15 yaktaur captains
  A shambling mangrove (Zig:8)
  A crystal guardian (Vaults:1)
  24 great orbs of eyes
  6 entropy weavers
  6 spectral spriggans
  9 rakshasas
  Erolcha (D:10)
  2 spriggan zombies
  A quicksilver dragon skeleton (Crypt:2)
  8 hell beasts
  9 hydras
  8 ice dragons
  4 jorogumos
  54 vault guards
  A ghost crab (Zig:3)
  9 salamander tyrants
  An alligator (Zig:8)
  7 spriggan air magi
  2 fenstrider witch skeletons
  10 ironbound frosthearts
  3 radroaches
  7 merfolk aquamancers
  The ghost of kd29 the Grappler, a novice TrBe of Trog (D:9)
  3 alligator snapping turtles
  2 anacondas (shapeshifter) (Zig:22)
  The ghost of zenocrate the Geomancer, a journeyman OpEE of Ashenzari (D:10)
  2 peacekeepers
  Erica (D:9)
  8 centaur warriors
  An ogre mage (Vaults:5)
  4 satyrs
  29 dancing weapons
  7 catoblepae
  A sphinx zombie (Zig:9)
  13 anacondas
  4 death yaks (Shoals:3)
  17 two-headed ogres
  6 merfolk avatars
  11 boulder beetles
  4 deep troll shamans
  A sphinx skeleton (Zig:9)
  An entropy weaver (shapeshifter) (Vaults:5)
  A tengu warrior (Depths:1)
  4 death scarabs
  3 spriggan berserkers
  11 hell hogs
  18 naga warriors
  6 orc high priests
  8 thrashing horrors
  5 demonic crawlers
  2 occultists
  15 naga sharpshooters
  7 shock serpents
  Urug (Lair:1)
  20 vampire magi
  12 deep troll earth magi
  3 spectral emperor scorpions (Pan)
  A shock serpent (shapeshifter) (Vaults:5)
  A spectral dire elephant (Tar:1)
  18 soul eaters
  An emperor scorpion zombie (Crypt:3)
  23 hell knights
  22 deep elf knights
  3 crystal echidnas
  86 sun demons
  16 skysharks
  7 titan skeletons
  4 wretched stars (Zig:10)
  2 spectral death yaks
  Lodul (D:14)
  11 iron trolls
  10 salamander mystics
  58 deep trolls
  2 pharaoh ants (Zig:25)
  16 sea snakes
  35 skeletal warriors
  32 shadow wraiths
  An orb spider (shapeshifter) (Vaults:5)
  15 sixfirhies
  13 shadow demons
  4 spriggan druids
  9 spectral anacondas
  A swamp dragon (Zig:8)
  A deep troll (shapeshifter) (Depths:3)
  3 orb spiders (Zig:25)
  10 mana vipers
  15 flayed ghosts
  2 obsidian statues (Zig:2)
  9 arcanists
  A mana viper (shapeshifter) (Elf:2)
  17 sun moths
  A sun moth (shapeshifter) (Zig:22)
  An orange crystal statue (D:9)
  8 glowing orange brains
  2 glowing orange brains (shapeshifter) (Zig:22)
  6 thermic dynamos
  A bunyip skeleton (Crypt:3)
  19 deep elf archers
  7 lindwurms
  A spectral hydra (Lair:4)
  10 harpies
  A golden dragon skeleton (Zig:9)
  An iron dragon zombie (Tar:7)
  A harpy (shapeshifter) (Elf:3)
  14 phantasmal warriors
  9 orc knights
  Pikel (D:6)
  A shadow dragon skeleton (Crypt:3)
  3 anaconda skeletons
  29 large abominations
  9 wolf spiders
  18 necromancers
  22 ironbound convokers
  3 orc sorcerers
  10 naga ritualists
  A frost giant zombie (Zig:6)
  4 oklob plants (Lair:1)
  41 deep elf pyromancers
  34 deep elf zephyrmancers
  A faun (shapeshifter) (Zig:22)
  An alligator zombie (Hell)
  6 steelbarb worms (Zig:25)
  15 cyclopes
  2 spectral ettins
  A shining eye (shapeshifter) (Zig:22)
  33 salamanders
  10 fauns
  43 ugly things
  20 manticores
  18 shining eyes
  30 moths of wrath
  A stone giant skeleton (Crypt:3)
  5 worldbinders (Abyss:5)
  A meliai (shapeshifter) (Zig:23)
  2 dire elephant zombies
  A spectral centaur (Tar:1)
  20 elephants
  9 merfolk sirens
  2 apocalypse crabs
  A mana viper zombie (Crypt:1)
  Joseph (D:9)
  3 water nymphs (shapeshifter)
  20 smoke demons
  16 eyes of devastation
  24 orange demons
  6 kobold blastminers
  31 naga magi
  27 vault sentinels
  11 water nymphs
  36 black mambas
  5 guardian serpents
  10 rust devils
  A dire elephant skeleton (Lair:5)
  4 gargoyles
  10 torpor snails
  5 ice statues
  A naga skeleton (Crypt:3)
  2 unseen horrors
  3 rime drakes
  23 cane toads
  21 yaktaurs
  A yellow draconian zombie (Crypt:2)
  Maggie (Lair:1)
  2 centaur skeletons
  5 efreet (Pan)
  4 sea snake zombies
  An alligator snapping turtle skeleton (Crypt:3)
  12 hellions
  6 freezing wraiths
  A catoblepas zombie (Crypt:1)
  20 komodo dragons
  A catoblepas skeleton (Crypt:3)
  4 spectral nagas
  2 tengu conjurers
  10 tormentors
  A bunyip simulacrum (Hell)
  3 ice devils
  2 ancient zymes (Zig:10)
  2 silent spectres
  2 hydra zombies (Hell)
  23 guardian mummies
  2 spectral harpies
  A white draconian zombie (Crypt:2)
  A bloated husk (Zig:8)
  4 red devils
  8 trolls
  20 hellwings (Pan)
  2 wind drakes (shapeshifter)
  6 polar bears
  2 harpy zombies
  11 hornets
  29 merfolk
  Prince Ribbit (D:6)
  7 tarantellas (Zig:25)
  A shadow dragon simulacrum (Hell)
  4 harpy skeletons
  2 raiju
  2 spectral elephants
  15 dream sheep
  2 hydra skeletons
  A guardian serpent zombie (Crypt:2)
  3 tyrant leeches
  8 wind drakes
  A blink frog (shapeshifter) (Depths:2)
  31 blink frogs
  A centaur simulacrum (Hell)
  13 glass eyes
  6 jumping spiders
  12 snapping turtles
  6 air elementals
  An ettin skeleton (Crypt:3)
  2 shadows
  4 culicivoras (Zig:25)
  164 slime creatures
  A slime creature (shapeshifter) (Depths:3)
  7 vampires (D:12)
  18 water elementals
  25 ynoxinuls
  A jumping spider (shapeshifter) (Vaults:5)
  9 spriggans
  3 hogs (Lair:3)
  7 basilisks
  13 wyverns
  An unseen horror simulacrum (D:9)
  7 fire bats (Volcano)
  Grum (D:10)
  8 ushabtiu
  66 yaks
  3 steam dragons
  8 wraiths
  7 golden eyes
  8 fire elementals
  5 humans (D:6)
  12 neqoxecs
  13 redbacks
  14 vampire mosquitoes
  A death yak simulacrum (Lair:4)
  A yak (shapeshifter) (D:15)
  A warg (Zig:1)
  A redback (shapeshifter) (Depths:3)
  13 chaos spawn
  Menkaure (D:4)
  3 acid dragons
  A glowing shapeshifter zombie (Zig:18)
  7 swamp worms
  2 spectral cane toads
  Duvessa (D:6)
  31 water moccasins
  A fire bat skeleton (Crypt:3)
  4 hell hounds (Zig:21)
  A hydra simulacrum (Hell)
  44 nagas
  A water nymph skeleton (Crypt:1)
  37 orc warriors
  15 laughing skulls
  A sky beast (D:7)
  A black mamba simulacrum (Crypt:2)
  7 black bears
  3 ice beasts (D:9)
  A small abomination (Abyss:5)
  A two-headed ogre skeleton (Crypt:2)
  18 wolves
  22 ogres
  A boggart (D:14)
  A lindwurm skeleton (Crypt:3)
  6 centaurs
  A dream sheep skeleton (Crypt:2)
  An elephant skeleton (Lair:5)
  2 lemures (D:6)
  A swamp dragon skeleton (Crypt:3)
  10 kobold brigands
  A hog skeleton (Crypt:2)
  An elf zombie (Crypt:1)
  Blork the orc (D:6)
  A brain worm (Sewer)
  15 bullfrogs
  A warg zombie (Crypt:3)
  5 gnoll sergeants
  3 earth elementals
  6 scorpions
  A cane toad simulacrum (Lair:5)
  16 wights
  A shapeshifter zombie (Crypt:2)
  Dowan (D:6)
  An elephant simulacrum (Lair:5)
  11 killer bees
  A shapeshifter skeleton (Crypt:3)
  3 howler monkeys
  5 spriggan skeletons
  A torpor snail simulacrum (Lair:4)
  2 bombardier beetles (D:5)
  4 hounds
  17 jellies
  3 gnoll boudas (D:7)
  A human zombie (Crypt:1)
  25 orc priests
  Crazy Yiuf (D:7)
  2 sleepcaps
  10 hell rats
  7 iguanas
  3 human skeletons (Crypt:1)
  A scorpion zombie (Crypt:3)
  29 orc wizards
  A crocodile zombie (Crypt:3)
  A deep dwarf zombie (Crypt:1)
  27 mummies
  31 gnolls
  11 adders
  2 river rats
  A shadow imp (D:7)
  A howler monkey simulacrum (D:9)
  2 white imps (D:9)
  11 ufetubi
  6 ribbon worms
  A dart slug (D:5)
  110 orcs
  A bat skeleton (Crypt:1)
  12 endoplasms
  10 giant cockroaches
  6 goblins
  4 hobgoblins
  6 jackals
  2 quokkas
  A river rat zombie (Crypt:1)
  10 ball pythons
  6 bats
  2 frilled lizards (D:2)
  A frilled lizard skeleton (Crypt:2)
  15 kobolds
  12 rats
  21 aspiring fleshes
  4 ball lightnings
  2 butterflies (Zig:11)
  A creeping inferno (Hell)
  10 fire vortices
  A lurking horror (Abyss:5)
  5 starspawn tentacles (Zig:10)
  17 tentacles
4333 creatures vanquished.

Vanquished Creatures (collateral kills)
  A nagaraja (Snake:3)
  An ironbound preserver (Vaults:1)
  2 war gargoyles (Vaults:4)
  A centaur warrior (D:15)
  A naga sharpshooter (Snake:4)
  A naga warrior (Snake:4)
  A deep troll (Vaults:1)
  A salamander (Snake:4)
  2 ugly things (D:15)
  A guardian serpent (Snake:3)
  A black mamba (Snake:3)
  3 naga magi
  A wight (D:6)
  4 orcs (D:12)
21 creatures vanquished.

Vanquished Creatures (others)
  2 pandemonium lords (Zig:22)
  A Tzitzimitl (Pan)
  An azure jelly (shapeshifter) (Zig:22)
  An emperor scorpion (Zig:25)
  A reaper (Zig:11)
  A blizzard demon (Pan)
  A hydra (Zig:8)
  A rakshasa (Pan)
  A two-headed ogre (shapeshifter) (Zig:22)
  An arcanist (Vaults:4)
  An apocalypse crab (Zig:22)
  A slime creature (Vaults:2)
  A water elemental (Zig:26)
  A naga (Snake:3)
  An orc warrior (Vaults:5)
  2 wights (D:6)
  2 ball lightnings
  A starspawn tentacle (Zig:10)
  9 tentacles
30 creatures vanquished.

Grand Total: 4384 creatures vanquished

Notes
Turn   | Place    | Note
-------+----------+-------------------------------------------
     0 | D:1      | BubbleThief the Barachi Ice Elementalist began the quest
                  | for the Orb.
     0 | D:1      | Reached XP level 1. HP: 13/13 MP: 3/3
   159 | D:1      | Reached skill level 5 in Ice Magic
   221 | D:1      | Reached XP level 2. HP: 13/19 MP: 1/5
   589 | D:1      | Found a faded altar of an unknown god.
   942 | D:2      | Reached XP level 3. HP: 24/24 MP: 4/7
   979 | D:2      | Learned a level 3 spell: Frozen Ramparts
   983 | D:2      | Learned a level 3 spell: Ozocubu's Armour
  1464 | D:2      | Reached XP level 4. HP: 30/30 MP: 6/8
  1785 | D:3      | Reached XP level 5. HP: 33/35 MP: 2/10
  2043 | D:3      | Found a glowing drain.
  2047 | Sewer    | Entered a sewer
  2089 | Sewer    | Reached XP level 6. HP: 41/41 MP: 3/11
  2388 | Sewer    | Reached XP level 7. HP: 42/46 MP: 6/13
  2780 | Sewer    | Reached skill level 5 in Spellcasting
  3060 | Sewer    | Reached skill level 1 in Fighting
  3060 | Sewer    | Reached XP level 8. HP: 51/54 MP: 8/16
  3847 | D:4      | Found a sparkling altar of Nemelex Xobeh.
  3847 | D:4      | Found a hide-covered altar of Uskayaw.
  3848 | D:4      | Found an ancient bone altar of Kikubaaqudgha.
  3848 | D:4      | Found an iron altar of Okawaru.
  3848 | D:4      | Found a broken altar of Ashenzari.
  3848 | D:4      | Found a bloodstained altar of Trog.
  3849 | D:4      | Found a glowing silver altar of Zin.
  3849 | D:4      | Found a glowing golden altar of the Shining One.
  3850 | D:4      | Found a shadowy altar of Dithmenos.
  3851 | D:4      | Found a stormy altar of Qazlal.
  3851 | D:4      | Found a sacrificial altar of Ru.
  3855 | D:4      | Noticed Menkaure
  3866 | D:4      | Killed Menkaure
  3867 | D:4      | Reached skill level 10 in Ice Magic
  4879 | D:5      | Entered Level 5 of the Dungeon
  5472 | D:5      | Reached XP level 9. HP: 47/65 MP: 13/18
  5685 | D:6      | Found an opulent altar of Gozag.
  5691 | D:6      | Reached skill level 5 in Fighting
  5843 | D:6      | Noticed Pikel
  5854 | D:6      | Killed Pikel
  5942 | D:6      | Found Seuz's Assorted Antiques.
  5979 | D:6      | Noticed Dowan
  5981 | D:6      | Noticed Duvessa
  5985 | D:6      | Killed Dowan
  5988 | D:6      | Killed Duvessa
  6040 | D:6      | Found a staircase to the Ecumenical Temple.
  6050 | Temple   | Entered the Ecumenical Temple
  6058 | Temple   | Became a worshipper of Elyvilon the Healer
  6638 | D:6      | Noticed Prince Ribbit
  6657 | D:6      | Killed Prince Ribbit
  6735 | D:6      | Reached skill level 5 in Long Blades
  6822 | D:6      | Reached XP level 10. HP: 75/83 MP: 15/19
  6885 | D:6      | Noticed Blork the orc
  6895 | D:6      | Killed Blork the orc
  7340 | D:7      | Reached * piety under Elyvilon
  7741 | D:7      | Learned a level 3 spell: Summon Ice Beast
  7745 | D:7      | Learned a level 3 spell: Hailstorm
  7803 | D:7      | Found Heuculu's Antique Armour Emporium.
  7811 | D:7      | Bought a glowing kite shield for 225 gold pieces
  7869 | D:7      | Found a runed translucent door.
  7870 | D:7      | Noticed Crazy Yiuf
  8062 | D:7      | Reached skill level 1 in Shields
  8251 | D:7      | Killed Crazy Yiuf
  8427 | D:8      | Reached skill level 10 in Long Blades
  8562 | D:8      | Noticed a two-headed ogre
  8568 | D:8      | Killed a two-headed ogre
  8569 | D:8      | Reached XP level 11. HP: 73/89 MP: 14/20
  8576 | D:8      | Reached skill level 5 in Shields
  8855 | D:8      | Reached ** piety under Elyvilon
  8875 | D:8      | Found a shimmering blue altar of Sif Muna.
  9102 | D:8      | Found a burning altar of Makhleb.
  9134 | D:9      | Noticed a two-headed ogre
  9205 | D:9      | Killed a two-headed ogre
  9362 | D:9      | Found a staircase to the Lair.
  9408 | Lair:1   | Entered Level 1 of the Lair of Beasts
  9408 | Lair:1   | Noticed Maggie
  9422 | Lair:1   | Killed Maggie
  9452 | Lair:1   | Noticed Urug
  9469 | Lair:1   | Killed Urug
  9689 | Lair:1   | Noticed a boulder beetle
  9712 | Lair:1   | Noticed Gastronok
  9780 | Lair:1   | Killed a boulder beetle
  9915 | Lair:1   | Killed Gastronok
  9916 | Lair:1   | Reached XP level 12. HP: 82/97 MP: 15/21
  9999 | Lair:1   | Reached skill level 10 in Fighting
 10268 | Lair:1   | Reached *** piety under Elyvilon
 10299 | Lair:1   | Upgraded the game from 0.32-a0-711-g016ad743e0 to
                  | 0.32-a0-732-ga344392067
 10771 | Lair:1   | You fall into a shaft and drop 1 floor!
 10771 | Lair:2   | Noticed a four-headed hydra
 10771 | Lair:2   | Reached **** piety under Elyvilon
 10781 | Lair:2   | Killed a four-headed hydra
 11033 | Lair:2   | Reached skill level 10 in Shields
 11238 | Lair:2   | Identified the +5 rapier of the Nurturing Ass {flame,
                  | +Blink Will+ Int+6}
 11647 | Lair:2   | Found a staircase to the Snake Pit.
 11797 | Lair:2   | Gained mutation: You can hop long distances. [Barachi
                  | growth]
 11797 | Lair:2   | Reached XP level 13. HP: 105/109 MP: 9/22
 12182 | Lair:2   | Found a staircase to the Shoals.
 12332 | Lair:3   | Reached ***** piety under Elyvilon
 12824 | Lair:3   | Noticed Kirke
 12836 | Lair:3   | Killed Kirke
 13916 | Lair:4   | Found a runed translucent gate.
 13916 | Lair:4   | Found a runed translucent gate.
 13916 | Lair:4   | Found a runed translucent gate.
 14240 | Lair:4   | Noticed Qazery's ghost (journeyman MDFi)
 14649 | Lair:5   | Entered Level 5 of the Lair of Beasts
 14959 | Lair:5   | Reached skill level 15 in Fighting
 15133 | Lair:5   | Reached XP level 14. HP: 123/123 MP: 17/23
 15507 | Lair:5   | Noticed a dire elephant
 15521 | Lair:5   | Killed a dire elephant
 15573 | Lair:5   | Noticed a dire elephant
 15585 | Lair:5   | Killed a dire elephant
 15641 | Lair:5   | Noticed a dire elephant
 15701 | Lair:5   | Found a staircase to the Slime Pits.
 16146 | Lair:5   | Reached ****** piety under Elyvilon
 16485 | Lair:5   | Killed a dire elephant
 16614 | Lair:5   | Reached skill level 15 in Shields
 18249 | D:9      | Noticed Erica
 18260 | D:9      | Killed Erica
 18337 | D:9      | Found a runed translucent gate.
 18338 | D:9      | Found a runed translucent gate.
 18339 | D:9      | Found a runed translucent gate.
 18356 | D:9      | Noticed Joseph
 18368 | D:9      | Killed Joseph
 18540 | D:9      | Noticed kd29's ghost (novice TrBe)
 18585 | D:10     | Entered Level 10 of the Dungeon
 18599 | D:10     | Noticed Snorg
 18608 | D:10     | Killed Snorg
 18773 | D:10     | Found a runed translucent door.
 18776 | D:10     | Noticed zenocrate's ghost (journeyman OpEE)
 18865 | D:10     | Noticed Erolcha
 18871 | D:10     | Killed Erolcha
 18872 | D:10     | Reached XP level 15. HP: 106/131 MP: 20/27
 19144 | D:10     | Noticed Grum
 19153 | D:10     | Killed Grum
 19273 | D:10     | Found the +4 robe of Folly {Brill Will-∞ Int+8}
 20927 | D:12     | Found a roughly hewn altar of Beogh.
 20927 | D:12     | Found a staircase to the Orcish Mines.
 21745 | D:12     | Found a shadowy altar of Dithmenos.
 21771 | D:12     | Reached skill level 15 in Ice Magic
 22480 | D:13     | Reached skill level 5 in Dodging
 22859 | D:13     | Learned a level 5 spell: Metabolic Englaciation
 22927 | D:14     | Identified the +0 pair of gloves of the Accordion {Rampage
                  | Dex+6}
 23002 | D:14     | Noticed Lodul
 23019 | D:14     | Killed Lodul
 23077 | D:14     | Found a gate leading to a gauntlet.
 23081 | Gauntlet | Entered a Gauntlet
 23081 | Gauntlet | Found a transporter.
 23081 | Gauntlet | Found a transporter.
 23084 | Gauntlet | Found a transporter.
 23087 | Gauntlet | Found a transporter.
 23092 | Gauntlet | Found a transporter.
 23096 | Gauntlet | Found a transporter.
 23096 | Gauntlet | Noticed a cacodemon
 23111 | Gauntlet | Found a transporter.
 23117 | Gauntlet | Found a large runed translucent door.
 23118 | Gauntlet | Found a large runed translucent door.
 23119 | Gauntlet | Found a large runed translucent door.
 23120 | Gauntlet | Found a runed translucent gate.
 23120 | Gauntlet | Found a large runed translucent door.
 23121 | Gauntlet | Found a transporter.
 23121 | Gauntlet | Found a runed translucent gate.
 23121 | Gauntlet | Found a transporter.
 23121 | Gauntlet | Found a large runed translucent door.
 23121 | Gauntlet | Found a large runed translucent door.
 23121 | Gauntlet | Found a runed translucent door.
 23122 | Gauntlet | Found a runed translucent gate.
 23122 | Gauntlet | Found a runed translucent door.
 23122 | Gauntlet | Found a large runed translucent door.
 23123 | Gauntlet | Found a large runed translucent door.
 23123 | Gauntlet | Found a large runed translucent door.
 23123 | Gauntlet | Found a large runed translucent door.
 23123 | Gauntlet | Found a large runed translucent door.
 23123 | Gauntlet | Found a large runed translucent door.
 23125 | Gauntlet | Found a transporter.
 23129 | Gauntlet | Found a large runed translucent door.
 23129 | Gauntlet | Found a large runed translucent door.
 23130 | Gauntlet | Found a large runed translucent door.
 23130 | Gauntlet | Found a large runed translucent door.
 23157 | Gauntlet | Found a transporter.
 23193 | Gauntlet | Found a transporter.
 23202 | Gauntlet | Found a transporter.
 23218 | Gauntlet | Found a transporter.
 23317 | Gauntlet | Found a transporter.
 23331 | Gauntlet | Found a transporter.
 23438 | Gauntlet | Identified the +2 hat "Ahalay" {*Corrode rPois rF++ Int+3}
 23547 | Gauntlet | Identified the +2 pair of boots "Jaukaps" {rPois rCorr
                  | Int+3 SInv}
 23556 | Gauntlet | Got the Enchiridion on the Sixfirhy and the Pyre
 23671 | Gauntlet | Identified the +1 cloak of the Lair of Beasts {rCorr}
 23701 | Gauntlet | Identified the +1 acid dragon scales "Senem" {rF+ rCorr
                  | Dex+4}
 24014 | D:14     | Found a gate to the Vaults.
 24301 | D:14     | Reached skill level 1 in Invocations
 24368 | D:15     | Entered Level 15 of the Dungeon
 24773 | D:15     | Reached XP level 16. HP: 138/138 MP: 23/29
 24799 | D:15     | Found a staircase to the Depths.
 24981 | D:15     | Reached skill level 5 in Invocations
 25197 | D:15     | Found Piymam's Jewellery Shop.
 25204 | D:15     | Bought the amulet of the Four Winds {rN+ Will+++ Clar} for
                  | 910 gold pieces
 25204 | D:15     | Found the amulet of the Four Winds {rN+ Will+++ Clar}
 25466 | D:15     | Identified the +7 war axe "Jiqor" {protect, rF+ rN++}
 25893 | D:10     | Killed zenocrate's ghost
 26015 | D:9      | Killed kd29's ghost
 26166 | Snake:1  | Entered Level 1 of the Snake Pit
 27767 | Snake:2  | Learned a level 7 spell: Ozocubu's Refrigeration
 28642 | Snake:2  | Reached skill level 10 in Invocations
 29462 | Snake:3  | Noticed a nagaraja
 29478 | Snake:3  | Killed a nagaraja
 30334 | Snake:3  | Reached XP level 17. HP: 97/144 MP: 25/30
 31063 | Snake:3  | Found Buewkuad's Vocational Training.
 31408 | Snake:3  | Identified a scroll of acquirement
 31536 | Snake:4  | Entered Level 4 of the Snake Pit
 32567 | Snake:4  | Noticed Vashnia
 32569 | Snake:4  | Upgraded the game from 0.32-a0-732-ga344392067 to
                  | 0.32-a0-747-gc8563f6773
 32850 | Snake:4  | Noticed Agnes
 32861 | Snake:4  | Killed Agnes
 33169 | Snake:4  | Killed Vashnia
 34316 | Snake:4  | Found Retihyga's Antique Weapon Boutique.
 34336 | Snake:4  | Found Vibeidiz's Weapon Emporium.
 34398 | Snake:4  | Reached XP level 18. HP: 127/151 MP: 5/31
 35299 | Snake:4  | Got a serpentine rune of Zot
 35812 | Lair:1   | Identified the amulet of Okawaru's Envy {Spirit Rampage
                  | rElec rC-}
 36152 | Vaults:1 | Entered Level 1 of the Vaults
 36272 | Vaults:1 | Found Lojeekoi's Magic Scroll Shoppe.
 36371 | Vaults:1 | Bought a scroll of brand weapon for 209 gold pieces
 37579 | Vaults:1 | Noticed a lich
 37598 | Vaults:1 | Killed a lich
 37746 | Vaults:1 | Acquired a manual of Shields
 37943 | Vaults:1 | Learned a level 9 spell: Polar Vortex
 38019 | Vaults:1 | Reached skill level 10 in Spellcasting
 38782 | Vaults:1 | Reached XP level 19. HP: 126/157 MP: 19/34
 38857 | Vaults:1 | Found a transporter.
 39047 | Vaults:1 | Found a transporter.
 39047 | Vaults:1 | Noticed Joextigh's ghost (veteran KoHu)
 39048 | Vaults:1 | Identified the +5 great mace of Tartarus {flame, rPois
                  | rN+++ Will++ Int-5}
 39048 | Vaults:1 | Found the +0 mask of the Dragon {Will+ Slay+3 SInv}
 39051 | Vaults:1 | Found a transporter.
 40710 | Vaults:2 | Found Ruskiax's Book Shop.
 41421 | Vaults:2 | Reached skill level 1 in Armour
 42482 | Vaults:3 | Found a runed translucent door.
 42482 | Vaults:3 | Noticed Konionua's ghost (adept KoEn)
 42772 | Vaults:3 | Reached XP level 20. HP: 150/164 MP: 14/36
 42897 | Vaults:3 | Reached skill level 5 in Armour
 43816 | Vaults:3 | Identified the +2 robe of Cukat {Harm Dex+3}
 43834 | Vaults:3 | Acquired the +2 helmet of Tionosiv {rElec rF+ rN+ SInv}
 43881 | Vaults:3 | Found a staircase to the Crypt.
 44846 | Vaults:3 | Killed Konionua's ghost
 45126 | Vaults:4 | Noticed Mara
 45138 | Vaults:4 | Noticed BubbleThief's illusion
 45148 | Vaults:4 | Killed Mara
 45658 | Vaults:4 | Identified the +10 arbalest of Gouvy {heavy, Int+4}
 45662 | Vaults:4 | Identified the +8 arbalest of Regicide {penet, rF+ rCorr
                  | Int+2}
 46579 | Vaults:4 | Learned a level 6 spell: Permafrost Eruption
 46872 | Vaults:4 | Found Reosh's Magic Scroll Boutique.
 46880 | Vaults:4 | Bought a scroll of teleportation for 51 gold pieces
 46880 | Vaults:4 | Bought a scroll of teleportation for 51 gold pieces
 46880 | Vaults:4 | Bought a scroll of enchant armour for 127 gold pieces
 47277 | Depths:1 | Entered Level 1 of the Depths
 47544 | Depths:1 | Found Haowkif's Weapon Emporium.
 47545 | Depths:1 | Found Untuhukiv's General Store.
 47547 | Depths:1 | Found Gukap's Antique Armour Emporium.
 47554 | Depths:1 | Bought a scroll of blinking for 157 gold pieces
 47554 | Depths:1 | Bought a scroll of blinking for 157 gold pieces
 47554 | Depths:1 | Bought a potion of enlightenment for 105 gold pieces
 47782 | Depths:1 | Found Edoph's Neck Hole.
 47989 | Depths:1 | Found a one-way gate leading to the halls of Pandemonium.
 47999 | Depths:1 | Found a gateway to Hell.
 48112 | Depths:1 | Noticed the Enchantress
 48115 | Depths:1 | Reached XP level 21. HP: 154/171 MP: 22/37
 48139 | Depths:1 | Killed the Enchantress
 48422 | Depths:2 | Found a shadowy altar of Dithmenos.
 48501 | Depths:2 | Noticed a caustic shrike
 48502 | Depths:2 | Noticed a caustic shrike
 48502 | Depths:2 | Noticed a caustic shrike
 48661 | Depths:2 | Killed a caustic shrike
 48661 | Depths:2 | Killed a caustic shrike
 48661 | Depths:2 | Killed a caustic shrike
 49080 | Depths:2 | Found a one-way gateway to a ziggurat.
 49802 | Depths:2 | You fall into a shaft and drop 1 floor!
 49802 | Depths:3 | Found a sacrificial altar of Ru.
 49804 | Depths:3 | Noticed a juggernaut
 49818 | Depths:3 | Killed a juggernaut
 49819 | Depths:3 | Elyvilon protects you from harm!
 49820 | Depths:3 | Noticed a golden dragon
 49828 | Depths:4 | Entered Level 4 of the Depths
 49828 | Depths:4 | Found a radiant altar of Vehumet.
 50219 | Depths:4 | Identified the dragon-blood talisman of the Clam {Str-5
                  | Slay+6}
 50683 | Depths:3 | Noticed a golden dragon
 50888 | Depths:3 | Reached XP level 22. HP: 166/178 MP: 24/40
 51163 | Depths:3 | Killed a golden dragon
 51485 | Depths:3 | Reached skill level 15 in Spellcasting
 51768 | Depths:3 | Killed a golden dragon
 52314 | Depths:3 | Reached skill level 27 in Ice Magic
 52644 | Depths:3 | Got Goepug's Atlas of the Coarse Pestle
 52729 | Depths:3 | Identified the +6 orcbow "Beastslayer" {drain, Stlth+}
 52737 | Depths:3 | Identified the staff "Bofeppuagi" {rElec rCorr Dex+5 Air}
 52853 | Depths:3 | Found a one-way gate to the infinite horrors of the Abyss.
 53588 | Depths:2 | Noticed a caustic shrike
 53595 | Depths:2 | Killed a caustic shrike
 54209 | Depths:2 | Identified the +3 sling of Peril {drain, rC+}
 54670 | Lair:4   | Killed Qazery's ghost
 54847 | Shoals:1 | Entered Level 1 of the Shoals
 56417 | Shoals:2 | Noticed Roxanne
 56433 | Shoals:2 | Killed Roxanne
 56746 | Shoals:3 | Noticed Polyphemus
 56749 | Shoals:3 | Killed Polyphemus
 56755 | Shoals:3 | Reached XP level 23. HP: 151/184 MP: 5/45
 57508 | Shoals:4 | Entered Level 4 of the Shoals
 57791 | Shoals:4 | Noticed Ilsuiw
 57800 | Shoals:4 | Killed Ilsuiw
 58583 | Shoals:4 | Got the Folio of Pneumatic Algor
 58775 | Shoals:4 | Got a barnacled rune of Zot
 59393 | Slime:1  | Entered Level 1 of the Pits of Slime
 59780 | Slime:1  | Gained mutation: Potions are less effective at restoring
                  | your health. [a shining eye]
 61270 | Slime:5  | Entered Level 5 of the Pits of Slime
 61384 | Slime:5  | Reached skill level 10 in Dodging
 61543 | Slime:5  | Found a viscous altar of Jiyva.
 61613 | Slime:5  | Noticed the Royal Jelly
 61629 | Slime:5  | Killed the Royal Jelly
 61975 | Slime:5  | Got a slimy rune of Zot
 61976 | Slime:5  | Identified the maw talisman of the Lumpy Spirits {rPois rN+
                  | Will++ Int-2}
 62026 | Slime:5  | Identified the +1 cloak of the Prince of Darkness {Will+}
 62086 | Slime:5  | Identified the +7 glaive "Arcanum" {elec, rCorr Int+5}
 62315 | Slime:5  | Reached XP level 24. HP: 195/195 MP: 31/46
 64012 | Orc:1    | Entered Level 1 of the Orcish Mines
 64318 | Orc:1    | Found a dark tunnel.
 64323 | Volcano  | Entered a volcano
 64687 | Orc:1    | Found Figit's Weapon Shoppe.
 64925 | Orc:2    | Entered Level 2 of the Orcish Mines
 64925 | Orc:2    | Found a staircase to the Elven Halls.
 65029 | Orc:2    | Found a roughly hewn altar of Beogh.
 65029 | Orc:2    | Found Hetrohu's Antique Armour Emporium.
 65262 | Orc:2    | Found a roughly hewn altar of Beogh.
 65266 | Orc:2    | Found Pes Cuih's General Store.
 65269 | Orc:2    | Reached skill level 10 in Armour
 65304 | Orc:2    | Bought a scroll of blinking for 135 gold pieces
 65304 | Orc:2    | Bought a sack of spiders for 720 gold pieces
 65304 | Orc:2    | Bought a potion of might for 72 gold pieces
 65619 | Orc:2    | Found a roughly hewn altar of Beogh.
 65729 | Orc:2    | Found a roughly hewn altar of Beogh.
 65767 | Orc:2    | Found a roughly hewn altar of Beogh.
 65804 | Orc:2    | Found Joasim's Antique Weapon Emporium.
 65805 | Orc:2    | Found a roughly hewn altar of Beogh.
 65807 | Orc:2    | Found Zeqic's Antique Armour Shoppe.
 65820 | Orc:2    | Bought a smouldering ring mail for 243 gold pieces
 65820 | Orc:2    | Identified the +2 ring mail "Hiseifin" {Harm Fly rF-
                  | Stlth+} (You bought it in a shop on level 2 of the Orcish
                  | Mines)
 65866 | Elf:1    | Entered Level 1 of the Elven Halls
 66048 | Elf:1    | Got the Almanac of Haze
 66062 | Elf:1    | Got the Catalogue of Incandescence
 66409 | Elf:1    | Found a runed translucent door.
 66409 | Elf:1    | Noticed Triskal's ghost (journeyman CoAr)
 66423 | Elf:1    | Killed Triskal's ghost
 66737 | Elf:1    | Found Ywkutwer's Antique Armour Shop.
 66738 | Elf:1    | Found Rutya's Distillery.
 66789 | Elf:1    | Bought a potion of mutation for 120 gold pieces
 66789 | Elf:1    | Bought a potion of might for 60 gold pieces
 66789 | Elf:1    | Bought a potion of curing for 45 gold pieces
 66789 | Elf:1    | Bought a potion of brilliance for 60 gold pieces
 66789 | Elf:1    | Bought a potion of cancellation for 120 gold pieces
 66789 | Elf:1    | Bought a potion of curing for 45 gold pieces
 66789 | Elf:1    | Bought a potion of heal wounds for 75 gold pieces
 66881 | Elf:1    | Paralysed by an air elemental for 1 turns
 66886 | Elf:1    | Paralysed by an air elemental for 1 turns
 68002 | Elf:2    | Found a huge runed translucent gate.
 68002 | Elf:2    | Found a huge runed translucent gate.
 68014 | Elf:2    | Found a huge runed translucent gate.
 68029 | Elf:2    | Found a huge runed translucent gate.
 68029 | Elf:2    | Found a huge runed translucent gate.
 68706 | Elf:3    | Entered Level 3 of the Elven Halls
 68995 | Elf:2    | Reached XP level 25. HP: 135/206 MP: 33/47
 69638 | Elf:3    | Identified the ring "Ysohiak" {Wiz rF+ Dex+6}
 70018 | Elf:3    | Identified the +7 chain mail of True Grit {rN++ Will+
                  | Int-5}
 70072 | Elf:3    | Got Woen's Discourse on the Flock
 70073 | Elf:3    | Identified the ring "Qiatwomu" {rElec rPois rC- Will+
                  | Dex+6}
 70078 | Elf:3    | Got the Treatise on Gritty Flames
 70193 | Elf:3    | Identified the +5 short sword "Newtslayer" {antimagic,
                  | Int+7}
 70561 | Vaults:1 | Killed Joextigh's ghost
 70746 | Vaults:1 | Found a transporter.
 70746 | Vaults:1 | Found a runed translucent door.
 70746 | Vaults:1 | Found a bloodstained altar of Trog.
 70746 | Vaults:1 | Found the +8 Wrath of Trog {antimagic, *Rage Rampage}
 70747 | Vaults:1 | Found the +8 trishula "Condemnation" {holy, anguish, *Noise
                  | Fly rN+}
 70902 | Vaults:1 | Identified the +1 plate armour of the Armadillo {rElec
                  | Str+3}
 71183 | Vaults:5 | Entered Level 5 of the Vaults
 71188 | Vaults:5 | Noticed an ancient lich
 71332 | Vaults:5 | Reached skill level 15 in Long Blades
 71333 | Vaults:5 | Killed an ancient lich
 71487 | Vaults:5 | Noticed an ancient lich
 71493 | Vaults:5 | Reached skill level 15 in Armour
 71493 | Vaults:5 | Noticed an ancient lich
 71493 | Vaults:5 | Identified the +4 lajatang of Watchfulness {freeze, rPois}
 71500 | Vaults:5 | Noticed a dread lich
 71501 | Vaults:5 | Killed an ancient lich
 71505 | Vaults:5 | Killed an ancient lich
 71508 | Vaults:5 | Reached XP level 26. HP: 126/218 MP: 4/48
 71508 | Vaults:5 | Killed a dread lich
 71692 | Vaults:5 | Reached skill level 15 in Dodging
 72370 | Vaults:5 | Identified the +0 robe of the Moneychanger {-Tele Rampage
                  | rPois rC+++}
 72433 | Vaults:5 | Identified the +7 long sword of Powerful Offence {venom,
                  | rC+ rCorr}
 72521 | Vaults:5 | Identified the +5 falchion of Triumph {elec, *Rage rPois
                  | Str+6}
 72586 | Vaults:5 | Got a silver rune of Zot
 72815 | Vaults:5 | Identified the +6 orcbow "Uricroun" {heavy, rElec Dex+6}
 74343 | Depths:4 | Found an opulent altar of Gozag.
 74711 | Depths:4 | Found a gate to the Realm of Zot.
 75267 | Zot:1    | Entered Level 1 of the Realm of Zot
 76024 | Zot:1    | Reached XP level 27. HP: 229/229 MP: 30/48
 76870 | Zot:2    | Found an iron altar of Okawaru.
 77751 | Zot:3    | Noticed Vv
 78007 | Zot:3    | Killed Vv
 78875 | Zot:4    | Noticed an orb of fire
 78885 | Zot:4    | Killed an orb of fire
 78891 | Zot:4    | Found a runed translucent door.
 78896 | Zot:4    | Noticed Zistueme's ghost (veteran MiBe)
 79008 | Zot:4    | Killed Zistueme's ghost
 80119 | Zot:5    | Entered Level 5 of the Realm of Zot
 80579 | Zot:5    | Found the +3 Elemental Staff {ele, rElec rF+ rC+ AC+3}
 80613 | Zot:5    | Noticed a dread lich
 80902 | Zot:5    | Noticed a dread lich
 80915 | Zot:5    | Noticed an ancient lich
 80935 | Zot:5    | Killed an ancient lich
 80980 | Zot:5    | Noticed an orb of fire
 80988 | Zot:5    | Noticed an ancient lich
 80992 | Zot:5    | Killed a dread lich
 81002 | Zot:5    | Killed an ancient lich
 81015 | Zot:5    | Noticed an orb of fire
 81015 | Zot:5    | Noticed an ancient lich
 81017 | Zot:5    | Noticed an orb of fire
 81018 | Zot:5    | Gained mutation: You possess an exceptional clarity of
                  | mind. [an orb of fire]
 81020 | Zot:5    | Killed an orb of fire
 81026 | Zot:5    | Gained mutation: You are dopey. (Int -2) [an orb of fire]
 81030 | Zot:5    | Killed an ancient lich
 81031 | Zot:5    | Killed a dread lich
 81037 | Zot:5    | Lost mutation: You possess an exceptional clarity of mind.
                  | [an orb of fire]
 81039 | Zot:5    | Killed an orb of fire
 81041 | Zot:5    | Reached skill level 15 in Invocations
 81047 | Zot:5    | Gained mutation: You are vulnerable to cold. (rC-)
                  | [mutagenic glow]
 81061 | Zot:5    | Gained mutation: You are very dopey. (Int -4) [mutagenic
                  | glow]
 81070 | Zot:5    | Gained mutation: You are very vulnerable to cold. (rC--)
                  | [mutagenic glow]
 81071 | Zot:5    | Lost mutation: You are very vulnerable to cold. (rC--)
                  | [potion of mutation]
 81071 | Zot:5    | Lost mutation: You are vulnerable to cold. (rC-) [potion of
                  | mutation]
 81071 | Zot:5    | Lost mutation: You are very dopey. (Int -4) [potion of
                  | mutation]
 81071 | Zot:5    | Gained mutation: You have hidden genetic potential. [potion
                  | of mutation]
 81071 | Zot:5    | Gained mutation: Potions cannot restore your health.
                  | [potion of mutation]
 81071 | Zot:5    | Gained mutation: You are partially covered in iridescent
                  | scales. (AC +2) [potion of mutation]
 81307 | Zot:5    | Killed an orb of fire
 81410 | Zot:5    | Noticed an ancient lich
 81414 | Zot:5    | Noticed a dread lich
 81417 | Zot:5    | Killed an ancient lich
 81418 | Zot:5    | Noticed an ancient lich
 81425 | Zot:5    | Killed a dread lich
 81433 | Zot:5    | Killed an ancient lich
 81783 | Zot:5    | Noticed an ancient lich
 81792 | Zot:5    | Killed an ancient lich
 81950 | Zot:5    | Noticed an orb of fire
 81956 | Zot:5    | Gained mutation: You occasionally shout uncontrollably at
                  | your foes. [an orb of fire]
 81957 | Zot:5    | Gained mutation: You sometimes lose your temper in combat.
                  | [an orb of fire]
 81958 | Zot:5    | Killed an orb of fire
 81998 | Zot:5    | Noticed an orb of fire
 82007 | Zot:5    | Killed an orb of fire
 82115 | Zot:5    | Noticed an ancient lich
 82124 | Zot:5    | Killed an ancient lich
 82213 | Zot:5    | Noticed a dread lich
 82220 | Zot:5    | Killed a dread lich
 82221 | Zot:5    | Upgraded the game from 0.32-a0-747-gc8563f6773 to
                  | 0.32-a0-768-g0f6f1dd4b9
 82515 | Zot:5    | Lost mutation: You occasionally shout uncontrollably at
                  | your foes. [potion of mutation]
 82515 | Zot:5    | Lost mutation: You are partially covered in iridescent
                  | scales. (AC +2) [potion of mutation]
 82515 | Zot:5    | Lost mutation: You sometimes lose your temper in combat.
                  | [potion of mutation]
 82515 | Zot:5    | Gained mutation: You expend magic power (3 MP) to
                  | strengthen your wands. [potion of mutation]
 82516 | Zot:5    | Lost mutation: You expend magic power (3 MP) to strengthen
                  | your wands. [potion of mutation]
 82516 | Zot:5    | Lost mutation: You are dopey. (Int -2) [potion of mutation]
 82516 | Zot:5    | Lost mutation: You have hidden genetic potential. [potion
                  | of mutation]
 82517 | Zot:5    | Lost mutation: Potions cannot restore your health. [potion
                  | of mutation]
 82517 | Zot:5    | Lost mutation: Potions are less effective at restoring your
                  | health. [potion of mutation]
 82517 | Zot:5    | Gained mutation: Your muscles are strong. (Str +4, Int/Dex
                  | -1) [potion of mutation]
 83114 | D:4      | Fell from the grace of Elyvilon
 83114 | D:4      | Became a worshipper of the Shining One
 83114 | D:4      | Reached * piety under the Shining One
 83114 | D:4      | Reached ** piety under the Shining One
 83114 | D:4      | Reached *** piety under the Shining One
 83494 | Crypt:1  | Entered Level 1 of the Crypt
 83509 | Crypt:1  | Reached **** piety under the Shining One
 83647 | Crypt:1  | Reached ***** piety under the Shining One
 84399 | Crypt:2  | Noticed Xtahua
 84405 | Crypt:2  | Killed Xtahua
 84662 | Crypt:2  | Reached ****** piety under the Shining One
 84669 | Crypt:2  | Identified a +7 eudemon blade of holy wrath (a +5 demon
                  | blade of draining blessed by the Shining One)
 84669 | Crypt:2  | Received a gift from the Shining One
 85150 | Crypt:3  | Entered Level 3 of the Crypt
 85375 | Crypt:3  | Found an ancient bone altar of Kikubaaqudgha.
 85461 | Crypt:3  | Found a staircase to the Tomb.
 85851 | Crypt:3  | Noticed a dread lich
 85859 | Crypt:3  | Killed a dread lich
 85973 | Crypt:3  | Identified the +5 lajatang of the Crypt {venom, Fly rCorr
                  | Int+6}
 85974 | Crypt:3  | Identified the amulet of the Dragon {^Fragile rN+++
                  | RegenMP+ rCorr Dex-3}
 85995 | Crypt:3  | Identified the staff of the Hurtling Coward {rPois rN+
                  | Str+4 Necro Earth}
 86001 | Crypt:3  | Identified the +1 trident "Waeral" {freeze, rF+ rN+ rCorr
                  | SInv}
 86909 | Zig:1    | Entered Level 1 of a ziggurat
 86928 | Zig:2    | Entered Level 2 of a ziggurat
 86939 | Zig:2    | Identified the +1 hand axe of Moxerem {chaos, Will+ Str+3}
 86946 | Zig:3    | Entered Level 3 of a ziggurat
 86974 | Zig:4    | Entered Level 4 of a ziggurat
 87005 | Zig:5    | Entered Level 5 of a ziggurat
 87009 | Zig:5    | Found the +11 plutonium sword {^Contam Stlth-}
 87037 | Zig:6    | Entered Level 6 of a ziggurat
 87040 | Zig:6    | Noticed a royal mummy
 87047 | Zig:6    | Killed a royal mummy
 87055 | Zig:6    | Identified the ring of Yesterday {MP+9 Str+3}
 87068 | Zig:7    | Entered Level 7 of a ziggurat
 87148 | Zig:8    | Entered Level 8 of a ziggurat
 87171 | Zig:8    | Identified the ring "Seroa" {Wiz rElec}
 87200 | Zig:9    | Entered Level 9 of a ziggurat
 87209 | Zig:9    | Noticed a royal mummy
 87215 | Zig:9    | Killed a royal mummy
 87232 | Zig:9    | Identified the +3 demon whip "Puch" {elec, rF- rC+ rN+
                  | Int+5}
 87291 | Zig:10   | Entered Level 10 of a ziggurat
 87322 | Zig:10   | Identified the +0 quarterstaff of Sumot {drain, rElec
                  | Will+++ Int-2 Dex+2}
 87381 | Zig:11   | Entered Level 11 of a ziggurat
 87391 | Zig:11   | Noticed an ancient lich
 87391 | Zig:11   | Noticed a dread lich
 87391 | Zig:11   | Noticed an ancient lich
 87394 | Zig:11   | Noticed a dread lich
 87398 | Zig:11   | Killed an ancient lich
 87401 | Zig:11   | Killed a dread lich
 87405 | Zig:11   | Killed an ancient lich
 87407 | Zig:11   | Killed a dread lich
 87510 | Zig:12   | Entered Level 12 of a ziggurat
 87588 | Zig:12   | Identified the +1 glaive of the Howling Soothsayer {holy,
                  | *Noise rPois Will++}
 87597 | Zig:12   | Identified the +6 shortbow "Nyin" {heavy, Int+4}
 87656 | Zig:13   | Entered Level 13 of a ziggurat
 87679 | Zig:13   | Identified the +5 war axe "Koeh" {vamp, rPois rC++ Will+}
 87695 | Zig:13   | Identified the +5 mace of Defence {venom, rElec rF- Dex+2}
 87717 | Zig:14   | Entered Level 14 of a ziggurat
 87751 | Zig:14   | Identified the +1 broad axe of the Hidden Vale {venom, rC-
                  | rN+ Int+4 Dex+3}
 87754 | Zig:14   | Identified the amulet "Osen" {Spirit -Cast Harm Fly Dex+2}
 87765 | Zig:14   | Identified the +4 plate armour "Ezehut" {rElec Stlth+}
 87773 | Zig:14   | Got Quafod's Sophisticated Magical Power
 87863 | Zig:15   | Entered Level 15 of a ziggurat
 87876 | Zig:15   | Paralysed by an air elemental for 1 turns
 87901 | Zig:15   | Identified the amulet "Vitof" {*Slow Will++ RegenMP+}
 87920 | Zig:15   | Identified the +7 great sword of Lovatu Luol {heavy,
                  | *Corrode Int+5 Stlth+}
 87948 | Zig:16   | Entered Level 16 of a ziggurat
 87974 | Zig:16   | Found the amulet of Vitality {Regen++ RegenMP++}
 87993 | Zig:16   | Identified the +3 robe "Asaby" {^Contam rElec Int+3 SInv}
 88102 | Zig:17   | Entered Level 17 of a ziggurat
 88148 | Zig:17   | Got the Incunabulum of Arson
 88163 | Zig:17   | Identified the +1 spear "Arcanum" {antimagic, *Slow Str+3
                  | Int+5 Dex-5}
 88219 | Zig:18   | Entered Level 18 of a ziggurat
 88228 | Zig:18   | Noticed a royal mummy
 88229 | Zig:18   | Noticed a royal mummy
 88229 | Zig:18   | Noticed a royal mummy
 88230 | Zig:18   | Noticed a royal mummy
 88230 | Zig:18   | Noticed a royal mummy
 88230 | Zig:18   | Noticed a royal mummy
 88230 | Zig:18   | Noticed a royal mummy
 88230 | Zig:18   | Noticed a royal mummy
 88231 | Zig:18   | Noticed a royal mummy
 88235 | Zig:18   | Killed a royal mummy
 88235 | Zig:18   | Killed a royal mummy
 88235 | Zig:18   | Noticed a royal mummy
 88235 | Zig:18   | Noticed a royal mummy
 88236 | Zig:18   | Killed a royal mummy
 88236 | Zig:18   | Killed a royal mummy
 88236 | Zig:18   | Killed a royal mummy
 88236 | Zig:18   | Noticed a royal mummy
 88237 | Zig:18   | Reached skill level 27 in Fighting
 88237 | Zig:18   | Killed a royal mummy
 88241 | Zig:18   | Killed a royal mummy
 88242 | Zig:18   | Killed a royal mummy
 88242 | Zig:18   | Killed a royal mummy
 88243 | Zig:18   | Killed a royal mummy
 88244 | Zig:18   | Killed a royal mummy
 88246 | Zig:18   | Killed a royal mummy
 88272 | Zig:18   | Identified the staff of Utekhapn {Fly rPois rC+ Will+ Int+4
                  | Alchemy}
 88281 | Zig:18   | Identified the staff of the Globe {rF+ Fire Ice}
 88289 | Zig:18   | Identified the ring of the Gloaming {rN+ Will+}
 88311 | Zig:18   | Identified the +6 ring mail of Lifelessness {rElec rC+}
 88341 | Zig:19   | Entered Level 19 of a ziggurat
 88350 | Zig:19   | Noticed a dread lich
 88352 | Zig:19   | Noticed an ancient lich
 88352 | Zig:19   | Noticed a dread lich
 88357 | Zig:19   | Killed a dread lich
 88358 | Zig:19   | Killed a dread lich
 88358 | Zig:19   | Killed an ancient lich
 88374 | Zig:19   | Found the sphere of Battle
 88404 | Zig:19   | Identified the +10 glaive "Qitoac" {freeze, rN+ Will+ Str+2
                  | Int+3}
 88418 | Zig:20   | Entered Level 20 of a ziggurat
 88434 | Zig:20   | Noticed a dread lich
 88434 | Zig:20   | Noticed a dread lich
 88438 | Zig:20   | Noticed an ancient lich
 88441 | Zig:20   | Noticed a dread lich
 88447 | Zig:20   | Killed a dread lich
 88447 | Zig:20   | Killed a dread lich
 88449 | Zig:20   | Killed an ancient lich
 88453 | Zig:20   | Killed a dread lich
 88465 | Zig:20   | Identified the ring "Voad Ros" {rN++ Will++ EV+5 Str-5}
 88475 | Zig:20   | Identified the +3 shortbow of Zuvuniorch {heavy, Int+3}
 88484 | Zig:20   | Identified the +0 plate armour "Ylashr Qocych" {Stlth+}
 88485 | Zig:20   | Identified the +10 scimitar of Qirocwog {elec, SInv}
 88516 | Zig:21   | Entered Level 21 of a ziggurat
 88567 | Zig:21   | Found the +10 dark maul {heavy}
 88567 | Zig:21   | Found the +8 whip "Snakebite" {venom, curare, rPois}
 88591 | Zig:21   | Identified the ring "Xyovudiff" {rPois Slay+4}
 88628 | Zig:21   | Identified the +1 dagger "Itaif" {heavy, rN+ Str+4}
 88638 | Zig:22   | Entered Level 22 of a ziggurat
 88651 | Zig:22   | Noticed Fuugiec the pandemonium lord
 88651 | Zig:22   | Noticed Heeniej the pandemonium lord
 88652 | Zig:22   | Noticed Owkawk the pandemonium lord
 88653 | Zig:22   | Noticed Koub the pandemonium lord
 88653 | Zig:22   | Noticed Luuhaes the pandemonium lord
 88653 | Zig:22   | Noticed Zooti the pandemonium lord
 88653 | Zig:22   | Noticed Luqo Izeth the pandemonium lord
 88654 | Zig:22   | Noticed Nacri the pandemonium lord
 88654 | Zig:22   | Noticed Tyujiw the pandemonium lord
 88656 | Zig:22   | Noticed Rodiguler the pandemonium lord
 88662 | Zig:22   | Noticed Zumocov the pandemonium lord
 88663 | Zig:22   | Killed Heeniej the pandemonium lord
 88663 | Abyss:5  | Cast into level 5 of the Abyss (Koub)
 88672 | Abyss:5  | Found a corrupted altar of Lugonu.
 88685 | Abyss:5  | Found a sparkling altar of Nemelex Xobeh.
 88722 | Abyss:5  | Got an abyssal rune of Zot
 88729 | Abyss:5  | Found a sparkling altar of Nemelex Xobeh.
 88736 | Zig:22   | Escaped the Abyss
 88736 | Zig:22   | Noticed Obuwai the pandemonium lord
 88740 | Zig:22   | Killed Rodiguler the pandemonium lord
 88740 | Zig:22   | Killed Nacri the pandemonium lord
 88740 | Zig:22   | Killed Koub the pandemonium lord
 88741 | Zig:22   | Killed Luqo Izeth the pandemonium lord
 88741 | Zig:22   | Killed Luuhaes the pandemonium lord
 88741 | Zig:22   | Killed Zooti the pandemonium lord
 88741 | Zig:22   | Killed Owkawk the pandemonium lord
 88742 | Zig:22   | Killed Fuugiec the pandemonium lord
 88742 | Zig:22   | Killed Obuwai the pandemonium lord
 88748 | Zig:22   | Killed Zumocov the pandemonium lord
 88751 | Zig:22   | Killed Tyujiw the pandemonium lord
 88778 | Zig:22   | Identified the ring of Jihim {Str+3 Dex+6}
 88784 | Zig:22   | Identified the amulet of Lorchuru {rN+ Regen+ Dex+3 SInv}
 88799 | Zig:22   | Identified the amulet of the Five Planets {rN+ RegenMP+
                  | Dex+2}
 88843 | Zig:23   | Entered Level 23 of a ziggurat
 88854 | Zig:23   | Noticed a dread lich
 88855 | Zig:23   | Noticed a dread lich
 88856 | Zig:23   | Noticed an ancient lich
 88856 | Zig:23   | Noticed a dread lich
 88856 | Zig:23   | Noticed an ancient lich
 88856 | Zig:23   | Noticed an ancient lich
 88861 | Zig:23   | Noticed an ancient lich
 88862 | Zig:23   | Killed a dread lich
 88862 | Zig:23   | Killed a dread lich
 88862 | Zig:23   | Killed an ancient lich
 88862 | Zig:23   | Noticed an ancient lich
 88865 | Zig:23   | Killed a dread lich
 88866 | Zig:23   | Killed an ancient lich
 88868 | Zig:23   | Noticed an ancient lich
 88870 | Zig:23   | Reached skill level 27 in Dodging
 88870 | Zig:23   | Killed an ancient lich
 88874 | Zig:23   | Killed an ancient lich
 88874 | Zig:23   | Killed an ancient lich
 88884 | Zig:23   | Killed an ancient lich
 88890 | Zig:23   | Found the +5 Lochaber axe {reach-cleave, Poleaxe ^Drain}
 88931 | Zig:23   | Identified the +1 rapier of the Several Dances {heavy,
                  | Dex+2 SInv}
 88938 | Zig:23   | Acquired a manual of Fire Magic
 88952 | Zig:24   | Entered Level 24 of a ziggurat
 89006 | Zig:24   | Reached skill level 27 in Shields
 89026 | Zig:24   | Got the Book of the Gelid Departed
 89028 | Zig:24   | Got Qithuqil's Directory of Transforming Leadership
 89060 | Zig:24   | Identified the +4 dagger of Capil {freeze, MP-9 Str+4
                  | Int+4}
 89061 | Zig:24   | Identified the +11 scale mail of Makhleb's Vengeance
                  | {+Blink rPois Will++ Str-4}
 89068 | Zig:24   | Identified the +5 long sword of Division {flame, Fly Int+4}
 89074 | Zig:25   | Entered Level 25 of a ziggurat
 89266 | Zig:25   | Found the +7 hand cannon "Mule" {flame, backblast, rF+}
 89267 | Zig:25   | Found the +12 glaive of Prune {freeze, Prune}
 89276 | Zig:25   | Identified the ring of Fianimui {rF+ rCorr MP+9 Int+4}
 89286 | Zig:25   | Identified the ring "Ungyn Goa" {Ice Slay+2}
 89287 | Zig:25   | Identified the ring of Incredulity {Fire rN+ Int+2 Slay+4}
 89330 | Zig:26   | Entered Level 26 of a ziggurat
 89377 | Zig:26   | Found the +6 Majin-Bo {spellvamp, MP+6 Int+6}
 89396 | Zig:26   | Identified the ring "Ruorat" {Wiz rCorr Dex+7}
 89445 | Zig:27   | Entered Level 27 of a ziggurat
 89485 | Zig:27   | Gained mutation: You have hidden genetic defects. [a
                  | shining eye]
 89494 | Zig:27   | Gained mutation: You occasionally shout uncontrollably at
                  | your foes. [a shining eye]
 89625 | Zig:27   | Gained mutation: Potions are less effective at restoring
                  | your health. [a shining eye]
 89627 | Zig:27   | Gained mutation: You sometimes lose your temper in combat.
                  | [a shining eye]
 89630 | Zig:27   | Lost mutation: Potions are less effective at restoring your
                  | health. [potion of mutation]
 89630 | Zig:27   | Lost mutation: Your muscles are strong. (Str +4, Int/Dex
                  | -1) [potion of mutation]
 89630 | Zig:27   | Gained mutation: Your mind is acute. (Int +4, Str/Dex -1)
                  | [potion of mutation]
 89630 | Zig:27   | Gained mutation: Your spells are a little harder to cast,
                  | but a little more powerful. [potion of mutation]
 89630 | Zig:27   | Gained mutation: Your magical capacity is low. (-10% MP)
                  | [potion of mutation]
 89630 | Zig:27   | Gained mutation: Your flesh is heat resistant. (rF+)
                  | [potion of mutation]
 89634 | Zig:27   | Lost mutation: Your flesh is heat resistant. (rF+) [potion
                  | of mutation]
 89634 | Zig:27   | Lost mutation: You have hidden genetic defects. [potion of
                  | mutation]
 89634 | Zig:27   | Lost mutation: Your magical capacity is low. (-10% MP)
                  | [potion of mutation]
 89634 | Zig:27   | Gained mutation: You have an uncontrollable temper. [potion
                  | of mutation]
 89692 | Zig:27   | Identified the +6 arbalest of Lies {antimagic, rPois Str+2
                  | Int+4}
 89698 | Zig:27   | Identified the +2 sling "Tiecevaz" {heavy, rElec Str+4
                  | Stlth-}
 89705 | Zig:27   | Identified the +7 orcbow "Disuler" {freeze, Str+6}
 90554 | D:4      | Fell from the grace of the Shining One
 90554 | D:4      | Became a worshipper of Zin the Law-Giver
 90554 | D:4      | Reached * piety under Zin
 90554 | D:4      | Reached ** piety under Zin
 90554 | D:4      | Reached *** piety under Zin
 90554 | D:4      | Reached **** piety under Zin
 90554 | D:4      | Reached ***** piety under Zin
 90559 | D:4      | Fell from the grace of Zin
 90559 | D:4      | Became a worshipper of the Shining One
 90561 | D:4      | Lost mutation: Your mind is acute. (Int +4, Str/Dex -1)
                  | [potion of mutation]
 90561 | D:4      | Lost mutation: You have an uncontrollable temper. [potion
                  | of mutation]
 90561 | D:4      | Gained mutation: Potions are less effective at restoring
                  | your health. [potion of mutation]
 90561 | D:4      | Gained mutation: You have supernaturally acute eyesight.
                  | (SInv) [potion of mutation]
 90561 | D:4      | Gained mutation: Your flesh is heat resistant. (rF+)
                  | [potion of mutation]
 90561 | D:4      | Gained mutation: Your skin changes colour to match your
                  | surroundings (Stealth+). [potion of mutation]
 90562 | D:4      | Lost mutation: Your skin changes colour to match your
                  | surroundings (Stealth+). [potion of mutation]
 90562 | D:4      | Lost mutation: Your flesh is heat resistant. (rF+) [potion
                  | of mutation]
 90562 | D:4      | Lost mutation: Your spells are a little harder to cast, but
                  | a little more powerful. [potion of mutation]
 90562 | D:4      | Gained mutation: You are weak. (Str -2) [potion of
                  | mutation]
 90563 | D:4      | Lost mutation: You have supernaturally acute eyesight.
                  | (SInv) [potion of mutation]
 90563 | D:4      | Lost mutation: Potions are less effective at restoring your
                  | health. [potion of mutation]
 90563 | D:4      | Lost mutation: You sometimes lose your temper in combat.
                  | [potion of mutation]
 90563 | D:4      | Gained mutation: Your magical capacity is low. (-10% MP)
                  | [potion of mutation]
 90563 | D:4      | Gained mutation: You have a pair of small horns on your
                  | head. [potion of mutation]
 90564 | D:4      | Lost mutation: You are weak. (Str -2) [potion of mutation]
 90564 | D:4      | Lost mutation: Your magical capacity is low. (-10% MP)
                  | [potion of mutation]
 90564 | D:4      | Lost mutation: You occasionally shout uncontrollably at
                  | your foes. [potion of mutation]
 90564 | D:4      | Gained mutation: Your flesh is cold resistant. (rC+)
                  | [potion of mutation]
 90564 | D:4      | Gained mutation: You are partially covered in iridescent
                  | scales. (AC +2) [potion of mutation]
 90565 | D:4      | Lost mutation: You are partially covered in iridescent
                  | scales. (AC +2) [potion of mutation]
 90565 | D:4      | Lost mutation: You have a pair of small horns on your head.
                  | [potion of mutation]
 90565 | D:4      | Lost mutation: Your flesh is cold resistant. (rC+) [potion
                  | of mutation]
 90565 | D:4      | Gained mutation: Your body sometimes deteriorates upon
                  | taking damage. [potion of mutation]
 90565 | D:4      | Gained mutation: You are partially covered in iridescent
                  | scales. (AC +2) [potion of mutation]
 90565 | D:4      | Gained mutation: Your spells are a little harder to cast,
                  | but a little more powerful. [potion of mutation]
 90565 | D:4      | Gained mutation: Your flesh is cold resistant. (rC+)
                  | [potion of mutation]
 90901 | Pan      | Entered Pandemonium
 90905 | Pan      | Identified the amulet of Boxatsutta {Reflect rElec Str+8
                  | SH+5}
 91289 | Pan      | Noticed Mennas
 91298 | Pan      | Killed Mennas
 91356 | Pan      | Entered the realm of Lom Lobon.
 91356 | Pan      | Noticed Lom Lobon
 91380 | Pan      | Killed Lom Lobon
 91390 | Pan      | Got a magical rune of Zot
 91891 | Pan      | Noticed Yfratagh the pandemonium lord
 91903 | Pan      | Killed Yfratagh the pandemonium lord
 91918 | Pan      | Identified the +5 hand cannon of Premature Burial {elec,
                  | Will+}
 92022 | Pan      | Entered the realm of Gloorx Vloq.
 92212 | Pan      | Noticed Gloorx Vloq
 92223 | Pan      | Killed Gloorx Vloq
 92242 | Pan      | Got a dark rune of Zot
 92393 | Pan      | Found an exit through the horrors of the Abyss.
 92482 | Pan      | Found an exit through the horrors of the Abyss.
 92514 | Pan      | Gained mutation: You are occasionally teleported next to
                  | monsters. [a cacodemon]
 92626 | Pan      | Found an exit through the horrors of the Abyss.
 92767 | Pan      | Gained mutation: You are clumsy. (Dex -2) [a cacodemon]
 92784 | Pan      | Noticed Zeukoi the pandemonium lord
 92792 | Pan      | Killed Zeukoi the pandemonium lord
 93142 | Pan      | Entered the realm of Cerebov.
 93503 | Pan      | Found an exit through the horrors of the Abyss.
 93598 | Pan      | Reached skill level 27 in Armour
 93814 | Pan      | Identified the ring "Otidall" {Ice rElec Will- Str+6}
 93841 | Pan      | Identified the +0 pearl dragon scales of Zin, Scorching
                  | {rN+ Int+6}
 93842 | Pan      | Identified the +0 ring mail "Wesoah" {rPois Str-4 SInv}
 93933 | Pan      | Identified the amulet "Xiexkiag" {rC+ Regen+}
 93989 | Pan      | Identified the +0 rapier "Leviticus" {venom, ^Contam rN++
                  | Will++}
 94364 | Pan      | Found the +6 sword of Cerebov {flame}
 94364 | Pan      | Noticed Cerebov
 94384 | Pan      | Killed Cerebov
 94401 | Pan      | Identified the +2 pair of boots "Suhiaz" {rPois Int+7
                  | Dex-2}
 94410 | Pan      | Identified the +6 orcbow of Departure {speed, *Corrode rC++
                  | Dex+3 SInv}
 94419 | Pan      | Got a fiery rune of Zot
 94455 | Pan      | Identified the +7 morningstar of Causality {holy, rPois}
 94633 | Pan      | Found an exit through the horrors of the Abyss.
 94757 | Pan      | Reached skill level 27 in Long Blades
 94757 | Pan      | Noticed Nougi Gehi the pandemonium lord
 94774 | Pan      | Killed Nougi Gehi the pandemonium lord
 94820 | Pan      | Got a demonic rune of Zot
 95074 | Pan      | Found an exit through the horrors of the Abyss.
 95407 | Pan      | Noticed Keuvyrph the pandemonium lord
 95413 | Pan      | Killed Keuvyrph the pandemonium lord
 95442 | Pan      | Entered the realm of Mnoleg.
 95451 | Pan      | Gained mutation: You are dopey. (Int -2) [a cacodemon]
 95476 | Pan      | Noticed Mnoleg
 95583 | Pan      | Killed Mnoleg
 95586 | Pan      | Gained mutation: You are frail. (-10% HP) [a cacodemon]
 95593 | Pan      | Gained mutation: You are weak. (Str -2) [a cacodemon]
 95611 | Pan      | Got a glowing rune of Zot
 95727 | Depths:1 | Escaped Pandemonium
 96010 | D:4      | Lost mutation: Your flesh is cold resistant. (rC+) [potion
                  | of mutation]
 96010 | D:4      | Lost mutation: You are frail. (-10% HP) [potion of
                  | mutation]
 96011 | D:4      | Lost mutation: You are clumsy. (Dex -2) [potion of
                  | mutation]
 96011 | D:4      | Lost mutation: Your spells are a little harder to cast, but
                  | a little more powerful. [potion of mutation]
 96011 | D:4      | Gained mutation: You have hidden genetic potential. [potion
                  | of mutation]
 96011 | D:4      | Gained mutation: You have great hidden genetic potential.
                  | [potion of mutation]
 96011 | D:4      | Gained mutation: You are very weak. (Str -4) [potion of
                  | mutation]
 96011 | D:4      | Gained mutation: Your spells are a little harder to cast,
                  | but a little more powerful. [potion of mutation]
 96012 | D:4      | Lost mutation: You have great hidden genetic potential.
                  | [potion of mutation]
 96012 | D:4      | Lost mutation: You are very weak. (Str -4) [potion of
                  | mutation]
 96012 | D:4      | Gained mutation: Your spells are harder to cast, but more
                  | powerful. [potion of mutation]
 96012 | D:4      | Gained mutation: You have a pair of small antennae on your
                  | head. [potion of mutation]
 96013 | D:4      | Lost mutation: You have hidden genetic potential. [potion
                  | of mutation]
 96013 | D:4      | Lost mutation: You are dopey. (Int -2) [potion of mutation]
 96013 | D:4      | Lost mutation: You are weak. (Str -2) [potion of mutation]
 96014 | D:4      | Lost mutation: Your body sometimes deteriorates upon taking
                  | damage. [potion of mutation]
 96014 | D:4      | Lost mutation: You are partially covered in iridescent
                  | scales. (AC +2) [potion of mutation]
 96014 | D:4      | Lost mutation: You have a pair of small antennae on your
                  | head. [potion of mutation]
 96014 | D:4      | Gained mutation: You are frail. (-10% HP) [potion of
                  | mutation]
 96014 | D:4      | Gained mutation: Your system is resistant to poisons.
                  | (rPois) [potion of mutation]
 96014 | D:4      | Gained mutation: You are somewhat resistant to further
                  | mutation. [potion of mutation]
 96015 | D:4      | Lost mutation: You are frail. (-10% HP) [potion of
                  | mutation]
 96015 | D:4      | Lost mutation: Your spells are harder to cast, but more
                  | powerful. [potion of mutation]
 96016 | D:4      | Lost mutation: Your system is resistant to poisons. (rPois)
                  | [potion of mutation]
 96016 | D:4      | Lost mutation: You are occasionally teleported next to
                  | monsters. [potion of mutation]
 96016 | D:4      | Lost mutation: Your spells are a little harder to cast, but
                  | a little more powerful. [potion of mutation]
 96025 | D:4      | Fell from the grace of the Shining One
 96025 | D:4      | Became a worshipper of Zin the Law-Giver
 96364 | Hell     | Entered the Vestibule of Hell
 96364 | Hell     | Noticed Geryon
 96372 | Hell     | Killed Geryon
 96544 | Hell     | Found a gateway to the decaying netherworld of Tartarus.
 96669 | Hell     | Found a gateway to the freezing wastes of Cocytus.
 96794 | Hell     | Found a gateway to the Iron City of Dis.
 96871 | Hell     | Found a gateway to the ashen valley of Gehenna.
 96968 | Tar:1    | Entered Level 1 of Tartarus
 97013 | Tar:1    | Noticed a dread lich
 97021 | Tar:1    | Killed a dread lich
 97203 | Tar:4    | Noticed a dread lich
 97208 | Tar:4    | Reached skill level 27 in Invocations
 97211 | Tar:4    | Killed a dread lich
 97251 | Tar:4    | Noticed an ancient lich
 97259 | Tar:4    | Killed an ancient lich
 97456 | Tar:5    | Reached skill level 1 in Evocations
 97517 | Tar:6    | Reached skill level 5 in Evocations
 97589 | Tar:7    | Entered Level 7 of Tartarus
 97591 | Tar:7    | Noticed an ancient lich
 97606 | Tar:7    | Killed an ancient lich
 97617 | Tar:7    | Reached ****** piety under Zin
 97723 | Tar:7    | Reached skill level 10 in Evocations
 97753 | Tar:7    | Identified the +1 pearl dragon scales "Roghic" {rN+ SInv}
 97754 | Tar:7    | Identified the ring of the City {rN+ Will+ Dex+2 Stlth-}
 97956 | Tar:7    | Reached skill level 27 in Spellcasting
 97960 | Tar:7    | Noticed an ancient lich
 97966 | Tar:7    | Killed an ancient lich
 98007 | Tar:7    | Identified the +0 quarterstaff of Upheaval {protect, rElec
                  | Dex+3}
 98050 | Tar:7    | Identified the staff "Zaeset" {rElec rPois Will- Dex+4 Air}
 98079 | Tar:7    | Reached skill level 15 in Evocations
 98113 | Tar:7    | Noticed an ancient lich
 98118 | Tar:7    | Killed an ancient lich
 98119 | Tar:7    | Noticed Ereshkigal
 98138 | Tar:7    | HP: 9/249 [putrid mouth][a doom hound] (12)]
 98140 | Tar:7    | Mangled by Ereshkigal

Illustrated notes

Levels and vault maps discovered:
D:1:      spicycebolla_green_bress_n_ham, layout_rooms,
          shapermc_ecumenical_altar_petra, serial_forest,
          infiniplex_forest_straight_5, infiniplex_forest_lined_3,
          infiniplex_forest_zigzag_1, infiniplex_forest_straight_4,
          infiniplex_forest_lined_4_way, infiniplex_forest_straight_4,
          infiniplex_forest_clump_small, infiniplex_forest_straight_2,
          infiniplex_forest_end_2, infiniplex_forest_lined_2
D:2:      layout_basic, grunt_ministairs_14
D:3:      layout_loops_corners, gup_sewer_entry_bowl, grunt_ministairs_3
D:4:      layout_basic, nicolae_overflows_in_rows, uniq_menkaure
D:5:      layout_rooms, minmay_fountain_box, amcnicky_mini_rare_corridor_liquid
D:6:      layout_basic, general_overflow_altar, minmay_temple_entry_grid,
          serial_shops, nicolae_shop_back_alley_shop, hangedman_decor_push,
          minmay_ruffians, uniq_prince_ribbit1, uniq_pikel, uniq_duvessa,
          uniq_blork_the_orc
D:7:      minmay_chambers_of_fours, layout_basic, serial_shops, shop,
          uniq_crazy_yiuf_cottage
D:8:      layout_rooms, nicolae_overflow_hidden_temple, patterned_corridor
D:9:      minmay_curly_fans, layout_cave_pools, lair_entry_dummy,
          gammafunk_ghost_icy, minivault_16, uniq_erica, uniq_joseph
D:10:     layout_loops_cross, ebering_ghost_reflecting_pool,
          dreamdust_deal_with_the_devil, uniq_grum, uniq_snorg, uniq_erolcha
D:11:     layout_gridville
D:12:     layout_irregular_city, david_orc_5, nicolae_nh_vlads_tower
D:13:     layout_loops_ring
D:14:     layout_roguey, lightli_vaults_fourway_checkpoint,
          gauntlet_entry_generic, nicolae_zig_zag_zippers, uniq_lodul
D:15:     hangedman_depths_entry_try_elsewhere_first, layout_stronghold,
          serial_shops, nicolae_shop_peninsula, minivault_16
Temple:   nicolae_temple_colour_theory
Lair:1:   minmay_lair_oklob_tunnel, layout_gridlike, beast_lair_carwin_6,
          uniq_gastronok, uniq_urug, uniq_maggie
Lair:2:   layout_cave_pods, minmay_shoals_entry_lonely_mermaid,
          minmay_snake_entry_six_corridors
Lair:3:   layout_loops_ring, uniq_kirke
Lair:4:   layout_small_grid, gammafunk_ghost_necromancy,
          infiniplex_staircase_pool_2
Lair:5:   due_jungle_book, layout_gridlike, minmay_slime_entry_jelly_boxes
Shoals:1: layout_shoals
Shoals:2: layout_shoals, st_cyclops, uniq_roxanne
Shoals:3: layout_shoals, uniq_polyphemus
Shoals:4: shoals_end_grunt_ice, layout_shoals, shoal_ilsuiw
Snake:1:  layout_grid_maze
Snake:2:  kennysheep_six_static_rooms, layout_chambers
Snake:3:  layout_concentric_octagons, nicolae_shop_vocational,
          grunt_megastairs_4
Snake:4:  snake_pit, layout_cave_town, serial_shops, shop, shop,
          serial_bayou_lagoon_a, library_closet, uniq_vashnia, uniq_agnes
Slime:1:  nicolae_slime_infinislime, layout_caves, special_room
          [special_room_jelly], nicolae_slime_phagocytosis
Slime:2:  layout_caves, nicolae_slime_welcoming_committee
Slime:3:  layout_caves
Slime:4:  cheibrodos_slime_lost_civilization_10, layout_caves,
          nicolae_slime_getting_an_eyeful
Slime:5:  slime_pit_nicolae_amoeboid
Orc:1:    layout_caves, serial_shops, shop, nicolae_volcano_entry_lava_flow,
          einodemon_barbed_minivault
Orc:2:    grunt_orc_community_town_hall, layout_diamond_mine,
          grunt_orc_community_big_house_1, grunt_orc_community_big_house_2,
          grunt_orc_community_house_3, grunt_orc_community_house_1,
          grunt_orc_community_house_2, grunt_orc_community_house_3,
          nicolae_orc_seminary
Elf:1:    minmay_elf_arrival_summoners, layout_onion_city,
          hellmonk_ghost_big_iron, nicolae_elf_crossing_hall,
          nicolae_elf_elemental_lessons, minmay_shoptagon
Elf:2:    elven_hall_of_blades_hangedman_alternative
          [nicolae_blade_entry_pointy_end], layout_loops_corners
Elf:3:    minmay_elf_hall_spiked, layout_loops_cross
Vaults:1: gammafunk_ghost_smash, nicolae_vaults_alarming, vaults_mumra_hex,
          hangedman_vaults_cutoff, emtedronai_trogs_sanctum,
          hangedman_vaults_impose, nicolae_vaults_closet_pinwheel_4,
          vaults_room_corners, v_misc_31, vaults_room_door_ring,
          layout_vaults_omnibox, serial_shops, shop
Vaults:2: nicolae_vaults_heart-shaped_vault, nicolae_vaults_little_squares_2,
          nicolae_vaults_inception_corners, nicolae_vaults_double_plus_1,
          v_pattern_3, nicolae_vaults_variable_pillar_hall,
          nicolae_vaults_closet_pinwheel_5, nicolae_vaults_heist,
          nicolae_vaults_trapezoid_lopsided_3, layout_vaults_omnigrid,
          serial_shops, nicolae_shop_temple_entry_statues_fountains
Vaults:3: hellmonk_ghost_happy_afterlife, minmay_crypt_entry_simple_box,
          nicolae_vaults_swerve, dpeg_vaults_monster_box,
          nicolae_vaults_wrenched, nicolae_vaults_network_star,
          nicolae_vaults_closet_pinwheel_5, nicolae_vaults_asterisk,
          nicolae_vaults_tetromino_L_1, nicolae_vaults_trapezoid_lopsided_1,
          nicolae_vaults_stepped_doors, nicolae_vaults_shipping_containers_4,
          layout_vaults_omnicross
Vaults:4: grunt_vaults_hallway_short, nicolae_vaults_diagonal_hallway_9,
          hangedman_vaults_restitches, nicolae_vaults_shipping_containers_7,
          vaults_standard_mumra_enter_the_diamond, nicolae_vaults_circle_grid_a,
          ontoclasm_vaults_decontamination, v_pattern_1,
          nicolae_vaults_asterisk, nicolae_vaults_yaktaur_gun_rack,
          ontoclasm_vaults_spin, vaults_mumra_minichess,
          ontoclasm_vaults_ligature, layout_vaults_ring, serial_shops, shop,
          uniq_mara
Vaults:5
Crypt:1:  layout_gridlike, grunt_crypt_arrival_guarded_gate, uniq_grunn
Crypt:2:  layout_catacombs, uniq_xtahua
Crypt:3:  due_elkab, layout_chaotic_city, basic_altar, nicolae_crypt_smalloseum
Depths:1: layout_gridlike, pan_entry, bh_walls_and_bars, hell_entry,
          nicolae_shop_sticking_my_neck_out, minmay_shop_star, uniq_enchantress
Depths:2: four-leaf_vault, layout_cave_shapes, enter_ziggurat_c,
          nicolae_dithmenos_shadow_blocks, hell_entry, serial_shops,
          bzr_entry_dummy, rand_demon_pan_entry_3, serial_column_ruins,
          column_ruins_portal_squares, column_ruins_columns_straight,
          column_ruins_columns_T, column_ruins_columns_dead_end
Depths:3: minmay_the_grid_plus [minmay_the_grid_broken_lines,
          minmay_the_grid_holed_spiral, minmay_the_grid_dragon_a,
          minmay_the_grid_large_cup, minmay_the_grid_prize_trominoes],
          layout_basic, hell_entry, nicolae_ru_sacrificial_ziggurat,
          abyss_entry_small_statue_room, grunt_ministairs_12, st_stairs_10,
          kennysheep_underground_church, infiniplex_staircase_zigzag_2
Depths:4: grunt_zot_entry_pinwheel, layout_basic, hell_entry, abyss_entry,
          grunt_gozag_breadcrumbs, nicolae_vehumet_radiance
Hell
Tar:1:    layout_honeycomb
Tar:2:    layout_grid_maze, door_vault
Tar:3:    layout_grid_maze, nicolae_tar_honey_rotating
Tar:4:    layout_honeycomb, tekkud_tar_snaking_path
Tar:5:    layout_grid_maze
Tar:6:    layout_grid_maze
Tar:7:    tar_old
Zot:1:    layout_basic, regret_index_zotdec_slimy_original, grunt_megastairs_2
Zot:2:    layout_gridlike, regret_index_zotdec_stipple_waver,
          regret_index_zotdec_fiery_em
Zot:3:    layout_onion_interference, grunt_megastairs_5, uniq_vv
Zot:4:    layout_cathedral_of_symmetry, regret_index_zotdec_tunneler,
          ebering_ghost_inner_flame
Zot:5:    layout_gridlike, grunt_ministairs_6

Skill      XL: |  1  2  3  4  5  6  7  8  9 10 11 12 13 14 15 16 17 18 19 20 21 22 23 24 25 26 27 |
---------------+----------------------------------------------------------------------------------+-----
Ice Magic      | 5 6 7 8 9 11 13 15 18 21 23 24 26 27 | 27.0
Spellcasting   | 3 4 5 6 8 9 11 12 14 18 19 20 21 27 | 27.0
Fighting       | 1 4 9 12 15 16 17 18 20 21 27 | 27.0
Long Blades    | 5 11 13 14 15 17 27 | 27.0
Shields        | 4 8 11 13 15 16 20 27 | 27.0
Dodging        | 9 10 12 14 16 27 | 27.0
Invocations    | 4 11 13 27 | 27.0
Armour         | 4 6 8 11 15 19 27 | 27.0
Evocations     | 15 | 15.7
Stealth        | |  1.7

Action                     |  1- 3 |  4- 6 |  7- 9 | 10-12 | 13-15 | 16-18 | 19-21 | 22-24 | 25-27 || total
---------------------------+-------+-------+-------+-------+-------+-------+-------+-------+-------++-------
  Melee: Unarmed           |     7 |       |       |       |       |       |       |       |       ||     7
         Dagger            |     5 |    26 |    46 |       |       |       |       |       |       ||    77
         Scimitar          |       |       |    10 |   276 |   884 |  1022 |   876 |   743 |   686 ||  4497
         Eudemon blade     |       |       |       |       |       |       |       |       |  1644 ||  1644
   Cast: Freeze            |    58 |    26 |    90 |    10 |       |       |       |       |       ||   184
         Frozen Ramparts   |       |     8 |    43 |    63 |   157 |   123 |    51 |    25 |     4 ||   474
         Ozocubu's Armour  |       |       |    11 |    45 |   130 |    87 |    36 |    20 |    48 ||   377
         Hailstorm         |       |       |       |     6 |       |     3 |       |       |       ||     9
         Summon Ice Beast  |       |       |       |     1 |    10 |    22 |     1 |       |       ||    34
         Ozocubu's Refrige |       |       |       |       |       |    46 |   124 |    75 |   235 ||   480
         Metabolic Englaci |       |       |       |       |       |     3 |       |       |       ||     3
         Polar Vortex      |       |       |       |       |       |       |    20 |   150 |   348 ||   518
 Invoke: Heal Self         |       |       |       |       |       |     2 |     9 |     4 |     2 ||    17
         Divine Vigour     |       |       |       |       |       |       |     1 |       |       ||     1
         Cleansing Flame   |       |       |       |       |       |       |       |       |    21 ||    21
         Divine Shield     |       |       |       |       |       |       |       |       |    16 ||    16
         Recite            |       |       |       |       |       |       |       |       |     9 ||     9
         Brand Weapon With |       |       |       |       |       |       |       |       |     1 ||     1
Ability: Hop               |       |       |       |       |       |     3 |     1 |     4 |    15 ||    23
  Evoke: Wand              |       |       |     3 |       |    10 |     3 |    10 |     1 |    13 ||    40
         Phial of floods   |       |       |       |       |     1 |     1 |     3 |       |     2 ||     7
         Phantom mirror    |       |       |       |       |       |     1 |     3 |       |     2 ||     6
         Tin of tremorston |       |       |       |       |       |       |     3 |       |     2 ||     5
         Sack of spiders   |       |       |       |       |       |       |       |       |     1 ||     1
    Use: Scroll            |       |     1 |       |    10 |    17 |     8 |     6 |     1 |    15 ||    58
         Potion            |       |       |       |       |     1 |       |     3 |     2 |    49 ||    55
   Stab: Sleeping          |       |       |     4 |       |     4 |     7 |    10 |     2 |     1 ||    28
         Distracted        |       |       |       |     2 |     1 |     4 |     2 |     3 |     1 ||    13
         Invisible         |       |       |       |       |       |       |     1 |       |       ||     1
         Confused          |       |       |       |       |       |       |       |       |     4 ||     4
 Armour: Robe              |    54 |    14 |   104 |   185 |   276 |       |       |       |       ||   633
         Troll leather arm |       |       |       |       |   103 |       |       |       |       ||   103
         Acid dragon scale |       |       |       |       |    27 |   525 |   417 |   336 |   504 ||  1809
         Ice dragon scales |       |       |       |       |       |       |       |       |   540 ||   540
         Skin              |       |       |       |       |       |       |       |       |    27 ||    27
  Dodge: Dodged            |    67 |    20 |    91 |    70 |   241 |   356 |   357 |   270 |  1213 ||  2685
  Block: Kite shield       |       |       |       |   162 |   760 |   922 |   754 |   305 |       ||  2903
         Reflection        |       |       |       |       |    11 |    17 |    23 |    32 |       ||    83
         Tower shield      |       |       |       |       |       |       |       |   395 |  2871 ||  3266

Table legend: (Time is in decaauts)
 A = Elapsed time spent in this place.
 B = Non-inter-level travel time spent in this place.
 C = Inter-level travel time spent in this place.
 D = Time resting spent in this place.
 E = Time spent auto-exploring this place.
 F = Levels seen in this place.
 G = Mean time per level.
                   A        B        C        D        E       F      G
               +--------+--------+--------+--------+--------+-----+--------+
         Total | 107175 |  97892 |   9283 |  10543 |  65342 | 113 |  948.5 |
       Dungeon |  20934 |  17272 |   3662 |    677 |  13231 |  15 | 1395.6 |
        Temple |     19 |      3 |     16 |      0 |      0 |   1 |   19.0 |
          Lair |  10232 |   9132 |   1100 |    510 |   6848 |   5 | 2046.4 |
        Shoals |   4910 |   4754 |    156 |    376 |   3745 |   4 | 1227.5 |
     Snake Pit |  10125 |   9744 |    381 |   1427 |   6551 |   4 | 2531.2 |
    Slime Pits |   4820 |   4504 |    316 |    967 |   2697 |   5 |  964.0 |
  Orcish Mines |   1810 |   1731 |     79 |      0 |   1472 |   2 |  905.0 |
   Elven Halls |   4999 |   4739 |    260 |    389 |   3463 |   3 | 1666.3 |
        Vaults |  14433 |  13456 |    977 |   2329 |   8753 |   5 | 2886.6 |
         Crypt |   3471 |   3312 |    159 |      8 |   2625 |   3 | 1157.0 |
        Depths |  10469 |   9307 |   1162 |   2043 |   5583 |   4 | 2617.2 |
          Hell |    628 |    613 |     15 |      0 |    448 |   1 |  628.0 |
      Tartarus |   1237 |   1188 |     49 |     16 |    363 |   7 |  176.7 |
           Zot |   8610 |   7664 |    946 |   1251 |   5137 |   5 | 1722.0 |
         Abyss |     80 |     80 |      0 |      0 |      0 |   1 |   80.0 |
   Pandemonium |   5240 |   5240 |      0 |     48 |   3036 |  18 |  291.1 |
      Ziggurat |   2994 |   2994 |      0 |    474 |     25 |  27 |  110.9 |
         Sewer |   1161 |   1161 |      0 |      0 |    945 |   1 | 1161.0 |
       Volcano |    264 |    264 |      0 |      0 |     47 |   1 |  264.0 |
      Gauntlet |    730 |    730 |      0 |     24 |    368 |   1 |  730.0 |
               +--------+--------+--------+--------+--------+-----+--------+

Top non-repeatable levels by time:
 Snake:4: 4057 daAuts
Vaults:1: 4010 daAuts
Vaults:3: 3425 daAuts
Vaults:4: 3283 daAuts
Depths:3: 3245 daAuts
Depths:1: 2694 daAuts
Vaults:2: 2612 daAuts
Depths:4: 2575 daAuts
   Zot:5: 2564 daAuts
  Lair:5: 2467 daAuts
 Snake:2: 2453 daAuts
  Lair:1: 2386 daAuts
  Lair:4: 2171 daAuts
 Snake:3: 2103 daAuts
  Lair:2: 2074 daAuts
